 Dungeon Crawl Stone Soup version 0.23-a0-419-g0174fd80c1 (webtiles) character file.

30987460 MeekVeins the Petrodigitator (level 27, 365/365 HPs)
             Began as a Vampire Conjurer on Nov 13, 2018.
             Was the Champion of Cheibriados.
             Escaped with the Orb
             ... and 15 runes on Nov 14, 2018!
             The game lasted 10:37:31 (48020 turns).

MeekVeins the Petrodigitator (Vampire Conjurer)    Turns: 48020, Time: 10:37:32

Health: 365/365    AC: 49    Str: 29    XL:     27
Magic:  47/47      EV: 61    Int: 46    God:    Cheibriados [******]
Gold:   6832       SH: 38    Dex: 49    Spells: 2/66 levels left

rFire    + . .     SeeInvis +     - Unarmed
rCold    + + .     Gourm    .   V - +5 shield {AC+3}
rNeg     + + +     Faith    .   (armour currently unavailable)
rPois    ∞         Spirit   .   E - +5 helmet of Ennui {rN+ MR- Regen+ Stlth+}
rElec    +         Reflect  +   t - +2 cloak "Ruasaush" {rPois rF+ rN+ Int+4}
rCorr    .         Harm     .   (gloves currently unavailable)
MR       ++...     Clarity  +   (boots currently unavailable)
Stlth    +++++.....             u - amulet "Icir" {Reflect rC+ Dex+6 SH+5}
HPRegen  1.30/turn              m - ring of Phasing {EV+8}
MPRegen  0.30/turn              I - ring "Voirel" {rC+ MR+ EV+3 Dex+4}

@: mighty, brilliant, agile, statue-form, regenerating quickly, deflect
missiles, very slow
A: fangs 3, large bone plates 2, rugged brown scales 1, see invisible, clarity,
deterioration 1, dopey 2, poison resistance, robust 1, strong 1, unbreathing,
subdued magic 1
0: Orb of Zot
}: 15/15 runes: barnacled, slimy, silver, golden, iron, obsidian, icy, bone,
abyssal, demonic, glowing, magical, fiery, dark, gossamer
a: End Transformation, Bend Time, Temporal Distortion, Slouch, Step From Time,
Renounce Religion


You escaped.
You worshipped Cheibriados.
Cheibriados was exalted by your worship.
You were very full.
You were a stone statue.
You visited 18 branches of the dungeon, and saw 90 of its levels.
You visited Pandemonium 1 time, and saw 16 of its levels.
You visited the Abyss 1 time.
You completed 1 ziggurat, and saw 27 of its levels.
You also visited: Ossuary and Ice Cave.

You collected 10324 gold pieces.
You spent 3492 gold pieces at shops.

Inventory:

Hand Weapons
 q - a +9 blowgun
Missiles
 v - 15 curare-tipped needles
 Z - 12 throwing nets (quivered)
Armour
 i - the +2 ratskin cloak {+Rats rPois rN+ Str-1 Int-1 Dex+1}
   (You found it on level 22 of a ziggurat)

   It affects your strength (-1).
   It affects your intelligence (-1).
   It affects your dexterity (+1).
   It protects you from poison.
   It protects you from negative energy.
 j - the +3 hat of Pondering {ponderous, MR+ MP+10 Int+5}
   (You found it on level 18 of a ziggurat)

   It affects your intelligence (+5).
   It affects your resistance to hostile enchantments.
   It affects your magic capacity (+10).
 o - a +2 robe of the Archmagi (melded)
 t - the +2 cloak "Ruasaush" (worn) {rPois rF+ rN+ Int+4}
   (You found it on level 7 of Gehenna)

   It affects your intelligence (+4).
   It protects you from fire.
   It protects you from poison.
   It protects you from negative energy.
 E - the +5 helmet of Ennui (worn) {rN+ MR- Regen+ Stlth+}
   (You found it on level 17 of a ziggurat)

   It protects you from negative energy.
   It affects your resistance to hostile enchantments.
   It increases your rate of regeneration.
   It makes you more stealthy.
 F - a +2 pair of gloves of archery (melded)
 G - the +0 pair of boots "Qubluo" (melded) {rC++ Str+3}
   (You acquired it on level 2 of the Vaults)

   It affects your strength (+3).
   It greatly protects you from cold.
 V - a +5 shield of protection (worn)
Magical Staves
 w - an uncursed staff of earth
Jewellery
 e - the ring "Aceik" {rF+ rN+ MP+9 Dex+4 SInv}
   (You found it on level 27 of a ziggurat)

   [ring of magical power]

   It affects your dexterity (+4).
   It protects you from fire.
   It protects you from negative energy.
   It affects your magic capacity (+9).
   It lets you see invisible.
 l - the amulet "Gorileul" {Reflect rF+ SH+5 Stlth+}
   (You bought it in a shop on level 2 of the Vaults)

   [amulet of reflection]

   It shields you and reflects attacks.
   It protects you from fire.
   It affects your SH (+5).
   It makes you more stealthy.
 m - the ring of Phasing (left hand) {EV+8}
   (You found it on level 7 of Tartarus)

   [ring of evasion]

   It affects your evasion (+8).
 u - the amulet "Icir" (around neck) {Reflect rC+ Dex+6 SH+5}
   (You found it on level 7 of Tartarus)

   [amulet of reflection]

   It shields you and reflects attacks.
   It affects your dexterity (+6).
   It protects you from cold.
   It affects your SH (+5).
 C - the ring of Yrothoast {rC+ MR+}
   (You found it on level 7 of Tartarus)

   [ring of protection from cold]

   It protects you from cold.
   It affects your resistance to hostile enchantments.
 H - the amulet of Xearim {RegenMP rC+ Slay+3}
   (You found it on level 27 of a ziggurat)

   [amulet of magic regeneration]

   It increases your magic regeneration.
   It affects your accuracy and damage with ranged weapons and melee attacks
   (+3).
   It protects you from cold.
 I - the ring "Voirel" (right hand) {rC+ MR+ EV+3 Dex+4}
   (You found it on level 15 of a ziggurat)

   [ring of evasion]

   It affects your evasion (+3).
   It affects your dexterity (+4).
   It protects you from cold.
   It affects your resistance to hostile enchantments.
Wands
 A - a wand of acid (41)
 D - a wand of digging (12)
 O - a wand of clouds (12)
 P - a wand of paralysis (26)
Scrolls
 a - a scroll of enchant armour
 f - 5 scrolls of holy word
 r - 5 scrolls of summoning
 y - 2 scrolls of torment
 B - 7 scrolls of blinking
 J - 8 scrolls of immolation
 L - 7 scrolls of fear
 M - 3 scrolls of magic mapping
 N - 16 scrolls of remove curse
 R - 10 scrolls of identify
 T - 29 scrolls of teleportation
 U - 3 scrolls of silence
 W - 5 scrolls of fog
Potions
 b - 3 potions of resistance
 d - 2 potions of might
 g - 12 potions of heal wounds
 k - 2 potions of magic
 n - 12 potions of mutation {!q}
 p - 3 potions of invisibility
 s - 5 potions of brilliance
 x - 2 potions of cancellation
 z - 5 potions of blood
 K - a potion of agility
 Q - 20 potions of curing
Miscellaneous
 c - a lightning rod (4/4)
 h - 10 phantom mirrors
 S - a +1 figurine of a ziggurat
 X - a phial of floods
 Y - a lamp of fire


   Skills:
 O Level 27 Fighting
 - Level 0.5 Armour
 O Level 27 Dodging
 O Level 27 Stealth
 + Level 25.1 Shields
 O Level 27 Unarmed Combat
 - Level 20.0 Spellcasting
   Level 4.0 Conjurations
   Level 11.0 Hexes
 - Level 10.0 Charms
 - Level 10.0 Summonings
 - Level 18.0 Necromancy
 - Level 7.0 Translocations
 - Level 10.0 Transmutations
 - Level 6.1 Air Magic
 O Level 27 Earth Magic
 - Level 16.0 Invocations
 - Level 4.0 Evocations


You had 2 spell levels left.
You knew the following spells:

 Your Spells              Type           Power        Failure   Level  Hunger
a - Summon Lightning Spi  Summ/Air       #######.     1%          4    None
b - Statue Form           Tmut/Erth      ########.    0%          6    None
c - Infestation           Necr           ########..   1%          8    None
d - Lee's Rapid Deconstr  Erth           ########..   0%          5    None
e - Lesser Beckoning      Tloc           #######...   1%          3    None
f - Borgnjor's Vile Clut  Necr/Erth      ########..   0%          5    None
g - Passage of Golubria   Tloc           N/A          1%          4    None
h - Passwall              Tmut/Erth      ########     0%          2    None
l - Summon Butterflies    Summ           #######.     0%          1    None
o - Apportation           Tloc           ######       0%          1    None
B - Blink                 Tloc           N/A          0%          2    None
C - Shatter               Erth           ########..   1%          9    ###....
D - Deflect Missiles      Chrm/Air       #######...   1%          6    None
Q - Aura of Abjuration    Summ           #######...   1%          5    None
R - Regeneration          Chrm/Necr      ########..   0%          3    None

Your spell library contained the following spells:

 Spells                   Type           Power        Failure   Level  Hunger
 Animate Skeleton         Necr           N/A          0%          1    None
 Beastly Appendage        Tmut           ######       0%          1    None
 Confusing Touch          Hex            ######       0%          1    None
 Corona                   Hex            #######      0%          1    None
 Infusion                 Chrm           ####         0%          1    None
 Pain                     Necr           ####         0%          1    None
 Sandblast                Erth           ######       0%          1    None
 Summon Small Mammal      Summ           ####         0%          1    None
 Call Imp                 Summ           #######.     0%          2    None
 Corpse Rot               Necr           N/A          0%          2    None
 Shroud of Golubria       Chrm/Tloc      #######...   0%          2    None
 Slow                     Hex            #######.     0%          2    None
 Song of Slaying          Chrm           #######.     0%          2    None
 Sticks to Snakes         Tmut           #######.     0%          2    None
 Sublimation of Blood     Necr           ########..   0%          2    None
 Swiftness                Chrm/Air       #######.     0%          2    None
 Flame Tongue             Conj/Fire      #####        1%          1    None
 Freeze                   Ice            ####         1%          1    None
 Magic Dart               Conj           ####         1%          1    None
 Shock                    Conj/Air       ####         1%          1    None
 Sting                    Conj/Pois      ####         1%          1    None
 Ensorcelled Hibernation  Hex/Ice        ######       1%          2    None
 Poisonous Vapours        Pois/Air       ######       1%          2    None
 Searing Ray              Conj           ######       1%          2    None
 Throw Flame              Conj/Fire      ######       1%          2    None
 Throw Frost              Conj/Ice       ######       1%          2    None
 Call Canine Familiar     Summ           #######.     0%          3    None
 Confuse                  Hex            #######.     0%          3    None
 Portal Projectile        Hex/Tloc       ######       0%          3    None
 Recall                   Summ/Tloc      N/A          0%          3    None
 Spectral Weapon          Hex/Chrm       #######.     0%          3    None
 Stone Arrow              Conj/Erth      ######       0%          3    None
 Summon Guardian Golem    Hex/Summ       #######.     0%          3    None
 Tukima's Dance           Hex            #######.     0%          3    None
 Animate Dead             Necr           N/A          0%          4    None
 Cause Fear               Hex            #######...   0%          4    None
 Leda's Liquefaction      Hex/Erth       ########..   0%          4    None
 Petrify                  Tmut/Erth      ########     0%          4    None
 Agony                    Necr           ########     0%          5    None
 Dispel Undead            Necr           ########     0%          5    None
 Excruciating Wounds      Chrm/Necr      ########..   0%          5    None
 Death Channel            Necr           ########..   0%          6    None
 Conjure Flame            Conj/Fire      ######..     1%          3    None
 Dazzling Spray           Conj/Hex       ######       1%          3    None
 Gell's Gravitas          Tloc           #######...   1%          3    None
 Ignite Poison            Fire/Tmut/Pois ######..     1%          3    None
 Inner Flame              Hex/Fire       #######.     1%          3    None
 Mephitic Cloud           Conj/Pois/Air  ######..     1%          3    None
 Ozocubu's Armour         Chrm/Ice       #######.     1%          3    None
 Spider Form              Tmut/Pois      #######...   1%          3    None
 Static Discharge         Conj/Air       #######.     1%          3    None
 Teleport Other           Tloc           #######.     1%          3    None
 Airstrike                Air            #######...   1%          4    None
 Force Lance              Conj/Tloc      #######.     1%          4    None
 Fulminant Prism          Conj/Hex       #######...   1%          4    None
 Ice Form                 Ice/Tmut       #######.     1%          4    None
 Iskenderun's Mystic Bla  Conj           ######..     1%          4    None
 Olgreb's Toxic Radiance  Pois           ######..     1%          4    None
 Sticky Flame             Conj/Fire      ######..     1%          4    None
 Summon Ice Beast         Ice/Summ       #######.     1%          4    None
 Throw Icicle             Conj/Ice       ######..     1%          4    None
 Alistair's Intoxication  Tmut/Pois      #######.     1%          5    None
 Blade Hands              Tmut           #######...   1%          5    None
 Bolt of Draining         Conj/Necr      #######...   1%          5    None
 Bolt of Magma            Conj/Fire/Erth #######...   1%          5    None
 Fireball                 Conj/Fire      ######....   1%          5    None
 Irradiate                Conj/Tmut      #######...   1%          5    None
 Iskenderun's Battlesphe  Conj/Chrm      #######.     1%          5    None
 Lightning Bolt           Conj/Air       #######...   1%          5    None
 Metabolic Englaciation   Hex/Ice        #######...   1%          5    None
 Silence                  Hex/Air        #######...   1%          5    None
 Summon Demon             Summ           #######...   1%          5    None
 Summon Forest            Summ/Tloc      #######...   1%          5    None
 Summon Mana Viper        Hex/Summ       #######.     1%          5    None
 Venom Bolt               Conj/Pois      ######....   1%          5    None
 Yara's Violent Unravell  Hex/Tmut       #######...   1%          5    None
 Conjure Ball Lightning   Conj/Air       #######...   1%          6    None
 Darkness                 Hex            #######...   1%          6    None
 Dispersal                Tloc           #######...   1%          6    None
 Freezing Cloud           Conj/Ice/Air   ######....   1%          6    None
 Hydra Form               Tmut           #######...   1%          6    None
 Invisibility             Hex            #######.     1%          6    None
 Iron Shot                Conj/Erth      ########..   1%          6    None
 Shadow Creatures         Summ           N/A          1%          6    None
 Simulacrum               Ice/Necr       #######...   1%          6    None
 Dragon Form              Tmut           #######...   1%          7    None
 Haunt                    Necr/Summ      ########..   1%          7    None
 Malign Gateway           Summ/Tloc      #######...   1%          7    None
 Monstrous Menagerie      Summ           #######...   1%          7    None
 Summon Greater Demon     Summ           #######...   1%          7    None
 Summon Hydra             Summ           #######...   1%          7    None
 Spellforged Servitor     Conj/Summ      #######...   2%          7    None
 Bolt of Cold             Conj/Ice       ######....   3%          6    None
 Bolt of Fire             Conj/Fire      ######....   3%          6    None
 Discord                  Hex            #######...   3%          8    None
 Ring of Flames           Chrm/Fire      #######...   4%          7    None
 Summon Horrible Things   Summ           #######...   4%          8    None
 Ozocubu's Refrigeration  Ice            ######....   7%          6    None
 Orb of Destruction       Conj           ######....   7%          7    None
 Controlled Blink         Tloc           N/A          14%         8    None
 Disjunction              Tloc           #######...   14%         8    None
 Dragon's Call            Summ           #######...   50%         9    ###....
 Ignition                 Fire           ######....   88%         8    None
 Tornado                  Air            #######...   91%         9    ###....
 Borgnjor's Revivificati  Necr           Unusable     N/A         8    N/A
 Death's Door             Chrm/Necr      Unusable     N/A         8    N/A
 Necromutation            Tmut/Necr      Unusable     N/A         8    N/A

Dungeon Overview and Level Annotations

Branches:
Dungeon (15/15)            Temple (1/1) D:6            Lair (6/6) D:11
 Shoals (4/4) Lair:3       Spider (4/4) Lair:4        Slime (5/5) Lair:5
    Orc (2/2) D:12            Elf (3/3) Orc:2        Vaults (5/5) D:14
  Crypt (3/3) Vaults:2       Tomb (3/3) Crypt:3      Depths (5/5) D:15
   Hell (1/1)                 Dis (7/7) Hell            Geh (7/7) Hell
    Coc (7/7) Hell            Tar (7/7) Hell            Zot (5/5) Depths:5

Altars:
Ashenzari
Cheibriados
Dithmenos
Elyvilon
Fedhas
Gozag
Hepliaklqana
Kikubaaqudgha
Makhleb
Nemelex Xobeh
Okawaru
Qazlal
Ru
Sif Muna
Uskayaw
Vehumet
Wu Jian
Xom
Yredelemnul
Zin
The Shining One
Beogh

Shops:
D:5 ?   D:9 :   Orc:1 *   Orc:2 =(?[   Elf:2 *   Elf:3 [   Vaults:1 }!
Vaults:2 =   Depths:4 :

Portals:
Hell: Depths:1 Depths:2 Depths:3 Depths:4 Depths:5
Abyss: Depths:3
Pandemonium: Depths:2 Depths:3 Depths:4
Trove: Depths:5 (give 20 scrolls of identify)

Annotations:
D:5 Prince Ribbit
Shoals:2 2 transporters, Napalmbreeze's ghost, adept GrFi
Shoals:4 2 exclusions
Slime:5 Royal Jelly
Vaults:2 1 runed door, Vakaro's ghost, adept SpEn


Innate Abilities, Weirdness & Mutations

Your natural rate of healing is unusually fast.
You have razor-sharp teeth.
You have supernaturally acute eyesight. (SInv)
You can survive without breathing.
You are mostly covered in large bone plates. (SH +6)
(You are partially covered in rugged brown scales. (AC +1, +3% HP))
You possess an exceptional clarity of mind.
Your body sometimes deteriorates upon taking damage.
You are very dopey. (Int -4)
Your system is resistant to poisons. (rPois)
You are robust. (+10% HP)
Your muscles are strong. (Str +2)
Your spells are a little easier to cast, but a little less powerful.


Message History

You feel clever all of a sudden.
Casting: Statue Form (safe; 0% risk of failure)
Confirm with . or Enter, or press ? or * to list all spells.
You feel a surge of power!
You turn into a living statue of rough stone.
Your +2 pair of gloves of archery melds into your body.
The +0 pair of boots "Qubluo" {rC++ Str+3} melds into your body.
Your +2 robe of the Archmagi melds into your body.
Your aim is not that steady anymore.
You feel strangely numb.
Okay, then.
Okay, then.
Wear which item? (? for menu, Esc to quit)
You start removing your armour.
You continue taking off the +3 hat of Pondering {ponderous, MR+ MP+10 Int+5}.
You finish taking off the +3 hat of Pondering {ponderous, MR+ MP+10 Int+5}.
That put a bit of spring back into your step.
You start putting on your armour.
You continue putting on the +5 helmet of Ennui {rN+ MR- Regen+ Stlth+}. x5
You finish putting on the +5 helmet of Ennui {rN+ MR- Regen+ Stlth+}.
You have escaped!

.......>(...# #.#..
####..#####. #.#.#
#..#### #.#.# #.....#
##.#.# #.####.###
####.#..# #.# #...##
###...##.## #.#
#...###...####.#
####.# #.......## #..#
.....##### ###.8.###
#.##
...........##.......#
#.########
#........###...###...#
#........)
..########...###
##.^.##########
..#######(#### ###. #
....)....#####. #
..#####........# # %.#
#.######## # ..#####.#
##


There were no monsters in sight!

Vanquished Creatures
  Cerebov (Pan)
  Antaeus (Coc:7)
  Asmodeus (Geh:7)
  Ereshkigal (Tar:7)
  Gloorx Vloq (Pan)
  the Royal Jelly (Slime:5)
  Mnoleg (Pan)
  the Serpent of Hell (Coc:7)
  5 pandemonium lords
  Lom Lobon (Pan)
  Dispater (Dis:7)
  2 orbs of fire (Zot:5)
  15 ancient liches
  4 juggernauts
  Mennas (Pan)
  Sojobo (Crypt:2)
  27 greater mummies
  Frederick (Crypt:2)
  9 shard shrikes
  Saint Roka (Elf:3)
  A curse toe (Zot:5)
  3 Killer Klowns
  25 golden dragons
  Geryon (Hell)
  Jory (Vaults:5)
  3 profane servitors
  Arachne (Spider:4)
  17 bone dragons
  31 Tzitzimimeh
  6 doom hounds
  17 Brimstone Fiends
  An electric golem (Zot:5)
  23 liches
  21 Ice Fiends
  2 hellephants (Zig:21)
  17 tentacled monstrosities
  4 iron giants
  Rupert (D:13)
  6 Hell Sentinels
  The ghost of Voice666 the Warrior, an adept MiBe of Trog (Elf:3)
  18 Orb Guardians
  5 quicksilver dragons
  7 deep elf blademasters
  2 eldritch tentacles
  3 deep elf master archers
  11 titans
  Polyphemus (Shoals:3)
  23 Executioners
  Gastronok (Lair:1)
  9 tentacled starspawn
  20 ancient champions
  13 sphinxes
  Agnes (Spider:2)
  19 acid blobs
  6 death cobs
  25 shadow dragons
  10 tengu reavers
  27 nagarajas (Zig:24)
  14 storm dragons
  A thorn hunter (Zig:27)
  Donald (Orc:2)
  10 frost giants
  Ilsuiw (Shoals:4)
  8 revenants
  A draconian monk (Zot:2)
  11 fire giants
  4 azure jellies
  2 draconian knights
  2 black suns (Pan)
  7 iron dragons
  Louise (Spider:1)
  3 draconian scorchers (Zot:5)
  3 caustic shrike zombies
  19 vault wardens
  3 draconian shifters
  14 cacodemons
  6 deep elf sorcerers
  An orc warlord (Elf:3)
  8 curse skulls
  8 warmongers (Pan)
  6 emperor scorpions
  25 balrugs
  21 ironheart preservers
  5 ghost moths
  18 ghouls
  5 juggernaut zombies
  6 deep elf elementalists
  8 draconian stormcallers
  5 draconian annihilators
  3 spriggan defenders
  76 reapers
  3 caustic shrike skeletons
  9 war gargoyles
  3 elemental wellsprings (Coc:7)
  25 very ugly things
  4 bennus
  25 stone giants
  3 stone giants (shapeshifter) (Zig:10)
  3 corrupters (Pan)
  5 entropy weavers
  4 green draconians
  12 vampire knights
  4 blood saints
  19 deep elf demonologists
  5 black draconians
  6 yellow draconians
  4 white draconians
  5 purple draconians
  14 lorocyprocas
  8 red draconians
  A spark wasp (shapeshifter) (Depths:1)
  The ghost of Notair the Impaler, a journeyman MiGl of Okawaru (D:13)
  23 deep elf annihilators
  8 spark wasps
  10 merfolk javelineers
  19 deep elf death magi
  9 eidola
  24 ettins
  28 blizzard demons
  17 mummy priests
  8 death oozes
  Josephine (Spider:1)
  20 yaktaur captains
  11 fire dragons
  30 green deaths
  14 merfolk impalers
  37 jiangshi
  9 quicksilver dragon zombies
  18 deep elf high priests
  19 great orbs of eyes
  13 ogre magi
  A spectral shadow dragon (Crypt:3)
  34 ice dragons
  12 rakshasas
  9 quicksilver dragon skeletons
  33 vault guards
  2 naga warriors (Zig:24)
  5 spriggan air magi
  46 large abominations
  14 hydras
  4 anacondas (Zig:24)
  5 monstrous demonspawn (Pan)
  Erolcha (D:12)
  6 merfolk avatars
  2 hell beasts
  A catoblepas (Shoals:3)
  6 centaur warriors
  7 shambling mangroves
  10 death knights
  2 satyrs
  A spectral frost giant (Crypt:3)
  2 death yaks (Shoals:3)
  2 satyrs (shapeshifter)
  5 alligator snapping turtles
  15 merfolk aquamancers
  6 tengu warriors
  33 dancing weapons
  19 two-headed ogres
  9 deep troll shamans
  3 orc high priests (Orc:2)
  15 hell hogs
  17 vampire magi
  6 thrashing horrors
  10 deep troll earth magi
  Urug (Orc:2)
  58 death scarabs
  8 titan zombies
  5 iron golems
  A spriggan berserker (Depths:2)
  10 storm dragon zombies
  3 shock serpents (Zig:24)
  10 wretched stars
  23 deep elf knights
  3 spriggans
  17 titan skeletons
  57 hell knights
  A fire crab (shapeshifter) (Vaults:5)
  34 soul eaters
  3 iron trolls (shapeshifter)
  13 small abominations
  A fire crab (D:4)
  2 naga sharpshooters (Zig:24)
  14 sixfirhies
  44 sun demons
  Nergalle (Lair:3)
  16 iron trolls
  144 skeletal warriors
  30 flayed ghosts
  9 storm dragon skeletons
  20 death drakes
  7 golden dragon zombies
  12 shadow wraiths
  15 shadow demons
  28 sea snakes
  2 spark wasp zombies
  9 anaconda zombies
  42 deep trolls
  A quicksilver dragon simulacrum (Crypt:2)
  7 unseen horrors
  8 infernal demonspawn (Pan)
  A spriggan druid (Zig:6)
  A salamander mystic (Zig:24)
  10 swamp dragons
  7 gelid demonspawn
  4 torturous demonspawn (Pan)
  A deep troll (shapeshifter) (Zig:13)
  3 spatial maelstroms
  A death drake (shapeshifter) (Depths:2)
  3 ghost moth zombies
  22 starcursed masses
  9 wizards
  A swamp dragon (shapeshifter) (Zig:13)
  2 naga ritualists (Zig:24)
  22 deep elf archers
  5 glowing orange brains
  2 lindwurms (shapeshifter)
  A lindwurm (Lair:6)
  3 wolf spider zombies (Coc:2)
  4 tengu skeletons
  15 ironbrand convokers
  17 harpies
  7 frost giant zombies
  6 shadow dragon zombies
  28 phantasmal warriors
  5 anaconda skeletons
  A harpy (shapeshifter) (Zig:13)
  31 necromancers
  4 oklob plants (Zig:12)
  12 orb spiders
  2 mana vipers (shapeshifter) (Vaults:5)
  6 shining eyes
  19 orc knights
  41 wolf spiders
  8 orc sorcerers
  A shining eye (shapeshifter) (Zig:13)
  A sphinx zombie (Zig:18)
  7 golden dragon skeletons
  36 ugly things
  An orb spider (shapeshifter) (Depths:2)
  6 iron dragon zombies
  8 shadow dragon skeletons
  6 stone giant zombies
  4 mana vipers
  19 manticores
  93 deep elf magi
  A salamander (Zig:24)
  A spectral centaur (D:13)
  6 fire giant zombies
  A sphinx skeleton (Zig:25)
  2 fauns (shapeshifter)
  6 cyclopes
  An elephant (shapeshifter) (Zig:5)
  15 fauns
  15 elephants (Lair:6)
  A toenail golem (D:14)
  A centaur zombie (D:15)
  10 moths of wrath
  3 worldbinders
  9 merfolk sirens
  17 black mambas
  2 apocalypse crabs
  6 stone giant skeletons
  5 guardian serpents (Zig:24)
  6 naga magi
  10 iron dragon skeletons
  9 water nymphs
  9 fire giant skeletons
  5 ice statues
  3 dire elephant zombies
  A titan simulacrum (Abyss:4)
  20 vault sentinels
  14 frost giant skeletons
  A black mamba (shapeshifter) (D:15)
  2 molten gargoyles
  5 eyes of devastation
  48 rust devils
  15 orange demons
  44 smoke demons
  5 spriggan zombies
  5 dire elephant skeletons
  An eye of devastation (shapeshifter) (Zig:20)
  62 yaktaurs
  3 torpor snails
  2 storm dragon simulacra
  A green draconian zombie (Dis:4)
  A shock serpent skeleton (Pan)
  36 hellions
  5 spriggan skeletons
  A catoblepas zombie (Tar:7)
  8 spiny frogs
  6 rime drakes
  50 tormentors
  An emperor scorpion zombie (Coc:2)
  17 demonic crawlers
  13 komodo dragons
  16 efreet
  A spark wasp simulacrum (Depths:3)
  16 hellwings
  An anaconda simulacrum (Hell)
  52 freezing wraiths
  2 golden dragon simulacra
  44 guardian mummies
  3 yaktaur skeletons
  21 hydra zombies
  40 ice devils
  6 ancient zymes
  A wind drake (shapeshifter) (D:14)
  2 wolf spider simulacra
  A queen bee (shapeshifter) (D:13)
  A troll (shapeshifter) (Zig:19)
  A jumping spider (shapeshifter) (Vaults:2)
  83 merfolk
  A meliai (shapeshifter) (Vaults:2)
  4 silent spectres
  A meliai (Spider:4)
  30 red devils
  7 trolls
  3 harpy zombies
  A tengu simulacrum (Depths:3)
  6 tengu conjurers
  24 hornets
  A tyrant leech (Zig:6)
  3 polar bears
  13 wind drakes
  26 jumping spiders
  3 raiju
  23 blink frogs
  13 snapping turtles
  9 alligator zombies
  7 hydra skeletons
  A spectral meliai (D:13)
  A hippogriff (shapeshifter) (Vaults:3)
  80 slime creatures
  A sphinx simulacrum (Vaults:2)
  A harpy skeleton (Tar:7)
  A bog body (Zig:6)
  6 ettin zombies
  2 dream sheep (Shoals:1)
  6 fire dragon zombies
  7 ice dragon zombies
  14 hippogriffs
  2 dream sheep (shapeshifter)
  3 black mamba zombies
  7 ice dragon skeletons
  A snapping turtle (shapeshifter) (Zig:17)
  39 tarantellas
  A centaur simulacrum (D:13)
  31 redbacks
  2 redbacks (shapeshifter)
  10 ettin skeletons
  7 fire dragon skeletons
  57 shadows
  4 alligator skeletons
  190 flying skulls
  51 wraiths
  3 wyverns
  7 air elementals
  A human (D:14)
  16 ushabtiu
  2 vampires
  2 golden eyes
  Grum (D:9)
  21 ynoxinuls
  2 humans (shapeshifter)
  A black mamba skeleton (Tar:7)
  3 basilisks
  37 fire elementals
  18 water elementals
  54 yaks
  9 chaos spawn
  11 hungry ghosts
  A hog (shapeshifter) (Vaults:1)
  4 fire bats (Geh:2)
  14 neqoxecs
  2 steam dragons (Zig:12)
  2 human simulacra
  2 yaktaur simulacra (Vaults:4)
  4 vampire mosquitoes
  A soldier ant (shapeshifter) (Vaults:2)
  Menkaure (D:6)
  A spatial vortex (Dis:7)
  5 wargs
  2 tengu zombies
  An acid dragon (shapeshifter) (Vaults:5)
  3 nagas (Zig:24)
  A hydra simulacrum (Coc:2)
  A floating eye (shapeshifter) (Vaults:2)
  77 hell hounds
  An acid dragon (D:15)
  A merfolk skeleton (Geh:4)
  16 water moccasins
  6 spiny frog zombies
  3 floating eyes
  2 hornet zombies
  4 porcupines
  A swamp dragon zombie (Dis:4)
  4 swamp drakes
  A gelid demonspawn skeleton (Geh:7)
  4 sky beasts
  2 slaves (D:4)
  An infernal demonspawn skeleton (Crypt:2)
  44 orc warriors
  3 manticore zombies
  An ettin simulacrum (Tomb:2)
  10 spiny frog skeletons
  3 black bears
  29 ice beasts
  An alligator simulacrum (Coc:1)
  A fire dragon simulacrum (Crypt:3)
  24 ogres
  8 phantoms
  3 snapping turtle zombies
  18 wolves
  4 snapping turtle skeletons
  6 eyes of draining
  A manticore skeleton (Tar:4)
  34 necrophages
  4 boggarts (Depths:2)
  23 centaurs
  4 swamp dragon skeletons
  14 crocodiles
  A rime drake zombie (Crypt:1)
  Blork the orc (D:4)
  2 big kobolds (D:8)
  17 elf zombies
  18 bullfrogs
  11 elf skeletons
  2 spiny frog simulacra
  A deep troll simulacrum (Vaults:3)
  9 earth elementals
  2 wyvern zombies
  2 wyvern skeletons
  A cyclops skeleton (Crypt:2)
  5 scorpions
  A swamp dragon simulacrum (Coc:2)
  12 killer bees
  A manticore simulacrum (Coc:1)
  72 wights
  3 howler monkeys
  7 electric eels
  A troll skeleton (Geh:3)
  19 crimson imps
  3 jellies
  7 quasits
  2 bullfrog skeletons
  3 human zombies
  20 orc priests
  5 hounds
  3 centaur skeletons
  3 human skeletons
  36 iron imps
  A black bear skeleton (Crypt:2)
  27 orc wizards
  Natasha (thrice) (D:3)
  4 iguanas
  8 worker ants
  A killer bee zombie (D:8)
  A big kobold zombie (Ossuary)
  A naga zombie (Geh:7)
  2 naga skeletons
  A felid skeleton (Crypt:1)
  2 ogre skeletons
  52 mummies
  A howler monkey skeleton (D:7)
  A howler monkey zombie (D:5)
  13 adders
  18 shadow imps
  22 white imps
  3 ufetubi
  2 oozes (D:3)
  2 adder zombies
  A halfling skeleton (Crypt:1)
  5 worms
  3 ball lightnings (Pan)
  3 dart slugs (D:1)
  7 leopard geckos
  103 orcs
  3 ball pythons
  10 bats
  2 giant cockroaches (D:3)
  5 goblins
  8 hobgoblins
  2 jackals (D:2)
  11 kobolds
  4 quokkas
  5 frilled lizards
  10 hobgoblin zombies (Ossuary)
  A jackal zombie (Ossuary)
  10 kobold zombies
  2 leopard gecko skeletons
  2 orc skeletons (D:5)
  10 orc zombies
  7 rats
  A block of ice (Pan)
  15 briar patches (Zig:27)
  23 crawling corpses
  16 plants
  5 starspawn tentacles
5536 creatures vanquished.

Vanquished Creatures (collateral kills)
  A greater mummy (Tomb:3)
  A Killer Klown (Zot:5)
  2 electric golems (Zot:5)
  Jorgrun (Spider:1)
  7 Orb Guardians (Zot:5)
  An ancient champion (Tomb:3)
  A draconian annihilator (Zot:5)
  A purple draconian (Zot:5)
  A death ooze (Slime:5)
  A mummy priest (Tomb:3)
  A green death (D:3)
  A quicksilver dragon skeleton (Tomb:3)
  A two-headed ogre (D:10)
  A hell hog (Zig:21)
  9 death scarabs (Tomb:3)
  3 skeletal warriors (Tomb:3)
  A shadow demon (D:3)
  A shining eye (Slime:5)
  A smoke demon (Zig:21)
  5 guardian mummies (Tomb:3)
  A tengu conjurer (D:10)
  An ice devil (Dis:7)
  3 large abominations
  7 flying skulls (Tomb:3)
  An ushabti (Tomb:3)
  4 neqoxecs
  A floating eye (Pan)
  A water moccasin (D:10)
  An eye of draining (Pan)
  A phantom (D:10)
  2 starcursed masses (Zig:21)
  3 mummies (Tomb:3)
  A ball lightning (Zot:5)
68 creatures vanquished.

Vanquished Creatures (others)
  2 golden dragons (Zig:27)
  A deep elf blademaster (Elf:3)
  A lich (Zig:14)
  2 deep elf master archers (Zig:20)
  3 eldritch tentacles
  A storm dragon (Vaults:5)
  A nagaraja (Zig:24)
  A fire giant (Vaults:4)
  A balrug (Pan)
  A draconian annihilator (Pan)
  A caustic shrike zombie (Crypt:2)
  A draconian stormcaller (Zot:1)
  A deep elf demonologist (Zig:20)
  A white draconian (Zot:2)
  3 merfolk javelineers (Zig:15)
  A merfolk impaler (Shoals:4)
  4 yaktaur captains
  2 rakshasas (Pan)
  A deep troll earth mage (Vaults:5)
  2 hell hogs (Geh:3)
  4 death scarabs (Tomb:3)
  An ogre mage (Depths:1)
  A deep elf knight (Zig:20)
  A shock serpent (Zig:24)
  A soul eater (Crypt:2)
  A storm dragon zombie (Geh:3)
  A torturous demonspawn (Pan)
  2 deep elf archers
  An ironbrand convoker (Vaults:5)
  A harpy (Zig:26)
  A necromancer (Depths:3)
  2 manticores
  2 deep elf magi (Zig:20)
  A faun (Shoals:4)
  A cyclops (Zig:15)
  A smoke demon (Pan)
  A grey draconian zombie (Crypt:2)
  A tormentor (Coc:7)
  5 yaktaurs
  2 hellwings (Pan)
  A jumping spider (Spider:2)
  2 merfolk (Zig:15)
  2 bog bodies (Crypt:2)
  A redback (Spider:2)
  A shadow (Geh:3)
  A water elemental (Coc:7)
  5 flying skulls (Tomb:2)
  A ynoxinul (Pan)
  A fire elemental (Zig:23)
  A fire bat (shapeshifter) (Depths:4)
  3 steam dragons (Zig:12)
  An infernal demonspawn zombie (Crypt:2)
  2 spiny frog zombies
  A hell hound (Zig:22)
  A slave (D:4)
  An ogre (Vaults:3)
  A boggart (Depths:2)
  A centaur (Depths:1)
  An orc wizard (Orc:2)
  An orc priest (Orc:2)
  A lightning spire (Zig:20)
  2 white imps
  11 ball lightnings (Pan)
  A ball python (D:3)
  3 briar patches (Pan)
  14 fulminant prisms
  37 fungi
  A lurking horror (Abyss:3)
  99 plants
  16 starspawn tentacles
276 creatures vanquished.

Grand Total: 5880 creatures vanquished

Notes
Turn   | Place    | Note
-------+----------+-------------------------------------------
     0 | D:1      | MeekVeins the Vampire Conjurer began the quest for the Orb.
     0 | D:1      | Reached XP level 1. HP: 13/13 MP: 3/3
    16 | D:1      | Reached skill level 3 in Conjurations
   162 | D:1      | Reached XP level 2. HP: 13/19 MP: 0/5
   644 | D:1      | Reached XP level 3. HP: 24/24 MP: 1/7
   989 | D:2      | Reached skill level 3 in Spellcasting
   995 | D:2      | Learned a level 3 spell: Dazzling Spray
  1115 | D:2      | Found a faded altar of an unknown god.
  1200 | D:3      | Reached skill level 1 in Hexes
  1249 | D:3      | Reached XP level 4. HP: 18/30 MP: 1/8
  1515 | D:3      | Noticed Natasha
  1526 | D:3      | Killed Natasha
  1526 | D:3      | Reached skill level 3 in Hexes
  1526 | D:3      | Reached XP level 5. HP: 9/35 MP: 0/9
  1657 | D:3      | Noticed Natasha
  1670 | D:3      | Killed Natasha
  1779 | D:3      | Noticed Natasha
  1804 | D:3      | Killed Natasha
  1934 | D:4      | Noticed a hippogriff
  1969 | D:3      | Reached skill level 1 in Unarmed Combat
  2047 | D:4      | Reached skill level 1 in Fighting
  2047 | D:4      | Reached XP level 6. HP: 43/43 MP: 3/10
  2060 | D:4      | Noticed Sigmund
  2107 | D:4      | Noticed a slave
  2107 | D:4      | Noticed a slave
  2107 | D:4      | Noticed a slave
  2108 | D:4      | Noticed Pikel
  2125 | D:5      | Entered Level 5 of the Dungeon
  2409 | D:5      | Found a sand-covered staircase.
  2492 | D:5      | Reached skill level 6 in Hexes
  2520 | Ossuary  | Entered an ossuary
  2670 | Ossuary  | Reached skill level 3 in Unarmed Combat
  2779 | Ossuary  | Reached XP level 7. HP: 32/48 MP: 0/11
  3140 | D:5      | Noticed Edmund
  3285 | D:5      | Noticed Prince Ribbit
  3328 | D:5      | Found Waleppok's Magic Scroll Emporium.
  3336 | D:5      | Bought a scroll of blinking for 112 gold pieces
  3532 | D:5      | Noticed Edmund
  3532 | D:5      | Edmund changed into Edmund the wolf
  3545 | D:5      | Killed Edmund the wolf
  3686 | D:5      | Reached skill level 3 in Dodging
  3695 | D:5      | Noticed Menkaure
  3744 | D:4      | Noticed Pikel
  3744 | D:4      | Pikel changed into Pikel the fire crab
  3749 | D:4      | HP: 2/50 [Pikel the fire crab] (12)]
  4018 | D:4      | Killed Pikel the fire crab
  4018 | D:4      | Reached XP level 8. HP: 31/56 MP: 0/12
  4126 | D:4      | Noticed Blork the orc
  4255 | D:4      | Killed Blork the orc
  4285 | D:4      | Noticed Sigmund
  4285 | D:4      | Sigmund changed into Sigmund the centaur
  4293 | D:4      | Killed Sigmund the centaur
  4293 | D:4      | Reached skill level 6 in Dodging
  4395 | D:4      | Killed a hippogriff
  4395 | D:4      | Reached skill level 3 in Fighting
  4530 | D:5      | Found a blossoming altar of Fedhas.
  4553 | D:5      | Learned a level 4 spell: Fulminant Prism
  4584 | D:5      | Reached XP level 9. HP: 56/63 MP: 14/14
  4644 | D:5      | Found a burning altar of Makhleb.
  4740 | D:6      | Killed Menkaure
  4832 | D:6      | Found a staircase to the Ecumenical Temple.
  4841 | Temple   | Entered the Ecumenical Temple
  4921 | Temple   | Became a worshipper of Cheibriados the Contemplative
  5371 | D:7      | Reached skill level 1 in Evocations
  5621 | D:7      | Found a basalt altar of Yredelemnul.
  5814 | D:8      | Noticed a tengu warrior
  5831 | D:9      | Found Falypt's Book Shoppe.
  5873 | D:9      | Reached * piety under Cheibriados
  5873 | D:9      | Reached skill level 3 in Evocations
  6069 | D:9      | Reached skill level 9 in Hexes
  6274 | D:8      | Noticed a red ugly thing
  6277 | D:8      | Reached ** piety under Cheibriados
  6555 | D:8      | Noticed a troll
  6567 | D:8      | Learned a level 2 spell: Blink
  6584 | D:8      | Killed a troll
  6584 | D:8      | Reached XP level 10. HP: 53/71 MP: 7/17
  6586 | D:8      | Killed a red ugly thing
  6586 | D:8      | Reached skill level 1 in Invocations
  6591 | D:8      | Reached skill level 1 in Translocations
  6614 | D:8      | Killed a tengu warrior
  6721 | D:8      | Reached skill level 9 in Unarmed Combat
  6773 | D:9      | Reached *** piety under Cheibriados
  6809 | D:9      | Noticed Grum
  6816 | D:9      | Killed Grum
  6986 | D:10     | Entered Level 10 of the Dungeon
  7043 | D:10     | Reached skill level 3 in Invocations
  7080 | D:10     | Reached **** piety under Cheibriados
  7164 | D:10     | Noticed an unseen horror
  7175 | D:10     | Killed an unseen horror
  7175 | D:10     | Reached XP level 11. HP: 79/79 MP: 18/18
  7251 | D:10     | Noticed an unseen horror
  7267 | D:10     | Killed an unseen horror
  7270 | D:10     | Noticed a two-headed ogre
  7286 | D:10     | Killed a two-headed ogre
  7498 | D:11     | Identified Meafaeseo's Collected Works on Dusty
                  | Displacement
  7507 | D:11     | Learned a level 6 spell: Statue Form
  7568 | D:11     | Reached ***** piety under Cheibriados
  7568 | D:11     | Reached skill level 1 in Transmutations
  7568 | D:11     | Reached skill level 1 in Earth Magic
  7601 | D:11     | Found a labyrinth entrance.
  7632 | D:11     | Learned a level 1 spell: Confusing Touch
  7786 | D:11     | Noticed a seven-headed hydra
  7801 | D:11     | Killed a seven-headed hydra
  7801 | D:11     | Reached skill level 3 in Transmutations
  7801 | D:11     | Reached skill level 3 in Earth Magic
  7860 | D:11     | Noticed a seven-headed hydra
  7915 | D:11     | Noticed a brown ugly thing
  7924 | D:11     | Killed a brown ugly thing
  8088 | D:11     | Found a staircase to the Lair.
  8194 | D:12     | Noticed a four-headed hydra
  8227 | D:12     | Killed a four-headed hydra
  8227 | D:12     | Reached skill level 6 in Transmutations
  8350 | D:12     | Noticed Erolcha
  8374 | D:12     | Killed Erolcha
  8374 | D:12     | Reached skill level 6 in Earth Magic
  8374 | D:12     | Reached XP level 12. HP: 86/86 MP: 19/19
  8458 | D:12     | Found a staircase to the Orcish Mines.
  8659 | D:12     | Learned a level 3 spell: Confuse
  8660 | Orc:1    | Entered Level 1 of the Orcish Mines
  8667 | Orc:1    | Reached ****** piety under Cheibriados
  8795 | Orc:2    | Entered Level 2 of the Orcish Mines
  8795 | Orc:2    | Found a roughly hewn altar of Beogh.
  8924 | Lair:1   | Entered Level 1 of the Lair of Beasts
  8975 | Lair:1   | Noticed Gastronok
  9123 | Lair:2   | Identified the Reference Book on Congealing Dislocation
  9298 | Lair:2   | Reached skill level 6 in Spellcasting
  9829 | Lair:3   | Noticed Nergalle
  9840 | Lair:3   | Reached skill level 9 in Earth Magic
  9856 | Lair:3   | Killed Nergalle
  9915 | Lair:3   | Learned a level 5 spell: Borgnjor's Vile Clutch
  9951 | Lair:3   | Reached skill level 1 in Necromancy
 10020 | Lair:4   | Noticed a four-headed hydra
 10031 | Lair:4   | Killed a four-headed hydra
 10031 | Lair:4   | Reached skill level 3 in Necromancy
 10041 | Lair:4   | Noticed a four-headed hydra
 10051 | Lair:4   | Killed a four-headed hydra
 10051 | Lair:4   | Reached XP level 13. HP: 90/91 MP: 22/22
 10241 | Lair:4   | Got a transparent emerald amulet
 10290 | Lair:4   | Found a hole to the Spider Nest.
 10332 | Lair:4   | Reached skill level 6 in Necromancy
 10703 | Lair:5   | Identified the amulet of Dithmenos's Generosity {Inacc
                  | SInv} (You found it on level 4 of the Lair of Beasts)
 10710 | Lair:5   | Found a staircase to the Slime Pits.
 10808 | Lair:5   | Found a shattered altar of Ashenzari.
 10852 | Lair:6   | Entered Level 6 of the Lair of Beasts
 10870 | Lair:5   | Reached skill level 9 in Transmutations
 11009 | Lair:6   | Found a frozen archway.
 11016 | IceCv    | Entered an ice cave
 11045 | IceCv    | Reached skill level 6 in Fighting
 11183 | IceCv    | Got a wavering platinum ring
 11199 | IceCv    | Identified the ring of Piumior {Str+3 Int+3} (You found it
                  | in an ice cave)
 11267 | IceCv    | Reached skill level 1 in Shields
 11406 | Lair:6   | Reached skill level 3 in Shields
 11459 | Lair:6   | Got a warped bronze ring
 11462 | Lair:6   | Identified the ring "Juidom" {+Inv rElec Slay+5} (You found
                  | it on level 6 of the Lair of Beasts)
 11500 | Lair:6   | Reached XP level 14. HP: 101/101 MP: 23/23
 11643 | Lair:6   | Identified the +1 robe "Meafofyor" {rC+} (You found it on
                  | level 6 of the Lair of Beasts)
 11646 | Lair:6   | Got a brightly glowing copper ring
 11648 | Lair:6   | Identified the ring of Cowardice {Wiz *Slow rF+ rC+ MR+}
                  | (You found it on level 6 of the Lair of Beasts)
 11685 | Lair:6   | Reached skill level 12 in Unarmed Combat
 11827 | Lair:6   | Reached skill level 9 in Dodging
 12071 | Lair:1   | Killed Gastronok
 12143 | Lair:1   | Learned a level 1 spell: Apportation
 12392 | Spider:1 | Entered Level 1 of the Spider Nest
 12481 | Spider:1 | Noticed an emperor scorpion
 12488 | Spider:1 | Killed an emperor scorpion
 12561 | Spider:1 | Noticed Josephine
 12565 | Spider:1 | Noticed Agnes
 12569 | Spider:1 | Killed Josephine
 12608 | Spider:1 | Noticed Jorgrun
 12619 | Spider:1 | Reached skill level 6 in Invocations
 12620 | Spider:1 | Killed Jorgrun
 12781 | Spider:1 | Noticed Louise
 12798 | Spider:1 | Killed Louise
 12824 | Spider:1 | Reached XP level 15. HP: 110/110 MP: 18/24
 12956 | Spider:2 | Killed Agnes
 13378 | Spider:4 | Entered Level 4 of the Spider Nest
 13395 | Spider:4 | Noticed Arachne
 13448 | Spider:4 | Reached skill level 9 in Invocations
 13509 | Spider:4 | Killed Arachne
 13509 | Spider:4 | Reached skill level 15 in Unarmed Combat
 13694 | Lair:3   | Found a staircase to the Shoals.
 13716 | Shoals:1 | Entered Level 1 of the Shoals
 14001 | Shoals:2 | Found a transporter.
 14001 | Shoals:2 | Noticed Napalmbreeze's ghost (adept GrFi)
 14022 | Shoals:2 | Found a transporter.
 14158 | Shoals:3 | Reached XP level 16. HP: 117/117 MP: 25/25
 14177 | Shoals:3 | Noticed Polyphemus
 14192 | Shoals:3 | Killed Polyphemus
 14329 | Shoals:4 | Entered Level 4 of the Shoals
 14382 | Shoals:4 | Reached skill level 6 in Stealth
 14457 | Shoals:4 | Identified the cursed +0 hand crossbow of Nuemm {elec, rF++
                  | rN++ Str-5}
 14462 | Shoals:4 | Reached skill level 9 in Fighting
 14480 | Shoals:4 | Noticed Ilsuiw
 14930 | Shoals:4 | Got a barnacled rune of Zot
 15053 | Shoals:4 | Killed Ilsuiw
 15053 | Shoals:4 | Reached skill level 9 in Stealth
 15557 | Spider:4 | Reached XP level 17. HP: 127/127 MP: 10/26
 15708 | Spider:4 | Reached skill level 12 in Dodging
 15876 | Spider:4 | Got a gossamer rune of Zot
 16133 | D:9      | Bought a book of Spatial Translocations for 780 gold pieces
 16138 | D:9      | Learned a level 4 spell: Passage of Golubria
 16143 | D:9      | Learned a level 3 spell: Lesser Beckoning
 16252 | Orc:2    | Noticed Donald
 16260 | Orc:2    | Killed Donald
 16338 | Orc:2    | Found a staircase to the Elven Halls.
 16342 | Orc:2    | Noticed Urug
 16351 | Orc:2    | Killed Urug
 16482 | Orc:2    | Reached skill level 3 in Translocations
 16503 | Orc:2    | Found Hoevyuli's Jewellery Emporium.
 16503 | Orc:2    | Found Rumpaas's Armour Shop.
 16508 | Orc:2    | Found Pepnedich's Magic Scroll Shop.
 16508 | Orc:2    | Found Kuni's Weapon Emporium.
 16517 | Orc:2    | Bought a scroll of identify for 22 gold pieces
 16517 | Orc:2    | Bought a scroll of identify for 22 gold pieces
 16517 | Orc:2    | Bought a scroll of identify for 22 gold pieces
 16528 | Orc:2    | Bought 3 scrolls of enchant armour for 247 gold pieces
 16528 | Orc:2    | Bought a scroll of teleportation for 33 gold pieces
 16528 | Orc:2    | Bought a scroll of enchant armour for 82 gold pieces
 16528 | Orc:2    | Bought a scroll of teleportation for 33 gold pieces
 16528 | Orc:2    | Bought a scroll of magic mapping for 38 gold pieces
 16528 | Orc:2    | Bought a scroll of teleportation for 33 gold pieces
 16634 | Orc:1    | Found Usiulaur's General Store.
 16691 | Orc:1    | Found a roughly hewn altar of Beogh.
 16813 | Elf:1    | Entered Level 1 of the Elven Halls
 16972 | Elf:3    | Entered Level 3 of the Elven Halls
 16972 | Elf:3    | Noticed Saint Roka
 16981 | Elf:3    | Killed Saint Roka
 17317 | Elf:3    | Found a runed gate.
 17318 | Elf:3    | Found a runed gate.
 17319 | Elf:3    | Found a runed gate.
 17321 | Elf:3    | Found Weath's Antique Armour Emporium.
 17321 | Elf:3    | Noticed Voice666's ghost (adept MiBe)
 17329 | Elf:3    | Bought a heavily runed buckler for 323 gold pieces
 17329 | Elf:3    | Bought a pair of glowing boots for 255 gold pieces
 17343 | Elf:3    | Identified the +3 buckler of the Mutiny {Slay+2} (You
                  | bought it in a shop on level 3 of the Elven Halls)
 17410 | Elf:3    | Reached skill level 18 in Unarmed Combat
 17420 | Elf:3    | Reached XP level 18. HP: 138/138 MP: 22/27
 17471 | Elf:3    | Reached skill level 12 in Invocations
 17473 | Elf:3    | Reached skill level 12 in Fighting
 17649 | Elf:3    | Identified the cursed +3 scythe of Qaenafa {flame, +Rage
                  | Dex+2}
 17662 | Elf:3    | Identified the +6 plate armour of Jauv {rElec rN+}
 17666 | Elf:3    | Identified the cursed +1 plate armour "Bustocvu" {Dex+2}
 17698 | Elf:3    | Identified the Reference Book on Boosting Summoning
 17727 | Elf:3    | Identified Ereul's Compendium of Feathery Conjuration
 17866 | Elf:3    | Killed Voice666's ghost
 17874 | Elf:3    | Got a faintly glowing crystal amulet
 18330 | Elf:2    | Found Fuytt's General Store.
 18333 | Elf:2    | Bought a scroll of magic mapping for 66 gold pieces
 18673 | D:13     | Noticed Rupert
 18686 | D:13     | Killed Rupert
 18784 | D:13     | Found a transporter.
 18784 | D:13     | Noticed Notair's ghost (journeyman MiGl)
 18864 | D:13     | Identified the amulet of the Thirsty Lives {Acrobat rElec
                  | Dex+4} (You found it on level 3 of the Elven Halls)
 18899 | D:13     | Found a transporter.
 18992 | D:14     | Learned a level 4 spell: Summon Lightning Spire
 19008 | D:15     | Entered Level 15 of the Dungeon
 19030 | D:15     | Found a staircase to the Depths.
 19188 | D:15     | Reached skill level 1 in Air Magic
 19410 | D:15     | Found a sacrificial altar of Ru.
 19466 | D:14     | Reached XP level 19. HP: 148/148 MP: 31/31
 19506 | D:14     | Found a gate to the Vaults.
 19764 | D:14     | Reached skill level 3 in Air Magic
 19778 | D:14     | Found a runed door.
 20221 | Slime:1  | Entered Level 1 of the Pits of Slime
 20313 | Slime:3  | Gained mutation: Your magical capacity is low. (-10% MP) [a
                  | shining eye]
 20314 | Slime:3  | Gained mutation: Armour fits poorly on your strangely
                  | shaped body. [a shining eye]
 20326 | Slime:4  | Gained mutation: You are dopey. (Int -2) [a shining eye]
 20337 | Slime:4  | Paralysed by a floating eye for 3 turns
 20407 | Slime:5  | Entered Level 5 of the Pits of Slime
 20416 | Slime:5  | Reached skill level 6 in Air Magic
 20480 | Slime:5  | Noticed the Royal Jelly
 20489 | Slime:5  | Killed the Royal Jelly
 20510 | Slime:5  | Reached skill level 9 in Spellcasting
 20523 | Slime:5  | Gained mutation: Your spells are a little easier to cast,
                  | but a little less powerful. [a shining eye]
 20529 | Slime:5  | Gained mutation: You are clumsy. (Dex -2) [a shining eye]
 20530 | Slime:5  | Gained mutation: Your body sometimes deteriorates upon
                  | taking damage. [a shining eye]
 20561 | Slime:5  | Lost mutation: Your magical capacity is low. (-10% MP)
                  | [potion of mutation]
 20561 | Slime:5  | Lost mutation: You are clumsy. (Dex -2) [potion of
                  | mutation]
 20561 | Slime:5  | Lost mutation: You are dopey. (Int -2) [potion of mutation]
 20561 | Slime:5  | Gained mutation: You are agile. (Dex +2) [potion of
                  | mutation]
 20561 | Slime:5  | Gained mutation: You have a pair of small horns on your
                  | head. [potion of mutation]
 20561 | Slime:5  | Lost mutation: Armour fits poorly on your strangely shaped
                  | body. [potion of mutation]
 20561 | Slime:5  | Gained mutation: Your flesh is cold resistant. (rC+)
                  | [potion of mutation]
 20589 | Slime:5  | Found the +0 Maxwell's etheric cage {RegenMP+ *Contam rElec
                  | MP+4}
 20600 | Slime:5  | Identified The Almanac of Greatest Risks and Utility
 20620 | Slime:5  | Got a sparkling granite ring
 20620 | Slime:5  | Got a slimy rune of Zot
 20622 | Slime:5  | Identified the ring "Usiesybbank" {Wiz rElec rN+ SInv
                  | Stlth-} (You found it on level 5 of the Pits of Slime)
 20819 | Vaults:1 | Entered Level 1 of the Vaults
 20855 | D:14     | Learned a level 6 spell: Deflect Missiles
 20906 | Vaults:1 | Found Uliom's Gadget Boutique.
 21019 | Vaults:1 | Found Gegoecos's Distillery.
 21027 | Vaults:1 | Bought a potion of brilliance for 64 gold pieces
 21027 | Vaults:1 | Bought a potion of brilliance for 64 gold pieces
 21027 | Vaults:1 | Bought a potion of heal wounds for 80 gold pieces
 21027 | Vaults:1 | Bought a potion of curing for 48 gold pieces
 21027 | Vaults:1 | Bought a potion of mutation for 128 gold pieces
 21027 | Vaults:1 | Bought a potion of curing for 48 gold pieces
 21027 | Vaults:1 | Bought a potion of agility for 64 gold pieces
 21027 | Vaults:1 | Lost mutation: You have a pair of small horns on your head.
                  | [potion of mutation]
 21027 | Vaults:1 | Lost mutation: Your flesh is cold resistant. (rC+) [potion
                  | of mutation]
 21027 | Vaults:1 | Gained mutation: You are robust. (+10% HP) [potion of
                  | mutation]
 21027 | Vaults:1 | Gained mutation: You tend to lose your temper in combat.
                  | [potion of mutation]
 21027 | Vaults:1 | Gained mutation: Your system is resistant to poisons.
                  | (rPois) [potion of mutation]
 21182 | D:13     | Killed Notair's ghost
 21192 | D:13     | Reached XP level 20. HP: 173/173 MP: 33/33
 21205 | D:13     | Lost mutation: You tend to lose your temper in combat.
                  | [potion of mutation]
 21205 | D:13     | Lost mutation: You are agile. (Dex +2) [potion of mutation]
 21205 | D:13     | Lost mutation: Your body sometimes deteriorates upon taking
                  | damage. [potion of mutation]
 21205 | D:13     | Lost mutation: Your spells are a little easier to cast, but
                  | a little less powerful. [potion of mutation]
 21205 | D:13     | Gained mutation: You are clumsy. (Dex -2) [potion of
                  | mutation]
 21205 | D:13     | Gained mutation: You are very robust. (+20% HP) [potion of
                  | mutation]
 21416 | Vaults:2 | Reached skill level 1 in Charms
 21440 | Vaults:2 | Identified the cursed +0 battleaxe of Cowardice {freeze,
                  | MR+ Dex+2 Stlth-}
 21545 | Vaults:3 | Reached skill level 3 in Charms
 22365 | Vaults:3 | Reached skill level 6 in Charms
 22763 | Vaults:4 | Reached XP level 21. HP: 200/200 MP: 35/35
 22770 | Vaults:4 | Reached skill level 15 in Fighting
 23051 | Vaults:2 | Found a runed door.
 23051 | Vaults:2 | Found a shimmering altar of Xom.
 23051 | Vaults:2 | Noticed Vakaro's ghost (adept SpEn)
 23174 | Vaults:2 | Noticed an ancient lich
 23183 | Vaults:2 | Killed an ancient lich
 23221 | Vaults:2 | Reached skill level 15 in Dodging
 23223 | Vaults:2 | Found a staircase to the Crypt.
 23251 | Crypt:1  | Entered Level 1 of the Crypt
 23906 | Crypt:2  | Noticed Sojobo
 23932 | Crypt:2  | Killed Sojobo
 24172 | Crypt:2  | Noticed Frederick
 24180 | Crypt:2  | Killed Frederick
 24180 | Crypt:2  | Reached skill level 21 in Unarmed Combat
 24318 | Crypt:3  | Entered Level 3 of the Crypt
 24352 | Crypt:3  | Reached XP level 22. HP: 213/213 MP: 36/36
 24467 | Crypt:3  | Found an ancient bone altar of Kikubaaqudgha.
 24733 | Crypt:3  | Noticed an ancient lich
 24739 | Crypt:3  | Killed an ancient lich
 24832 | Crypt:3  | Found a staircase to the Tomb.
 24859 | Crypt:3  | Got a translucent tin ring
 24861 | Crypt:3  | Identified the ring of the Invisible Hand {Ice rElec Str+3}
                  | (You found it on level 3 of the Crypt)
 25316 | Vaults:2 | Found Buoprose's Jewellery Boutique.
 25328 | Vaults:2 | Bought the amulet "Gorileul" {Reflect rF+ SH+5 Stlth+} for
                  | 928 gold pieces
 25357 | Vaults:2 | Identified the Compendium of Hadjma
 25384 | Vaults:2 | Identified 2 scrolls of acquirement
 25385 | Vaults:2 | Got a pair of heavily runed boots
 25396 | Vaults:2 | Identified the +0 pair of boots "Qubluo" {rC++ Str+3} (You
                  | acquired it on level 2 of the Vaults)
 25490 | Vaults:2 | Learned a level 2 spell: Passwall
 25494 | Vaults:2 | Learned a level 3 spell: Regeneration
 25590 | Depths:1 | Entered Level 1 of the Depths
 25631 | Depths:1 | Noticed a golden dragon
 25641 | Depths:1 | Killed a golden dragon
 25644 | Depths:1 | Reached XP level 23. HP: 223/223 MP: 37/37
 25690 | Depths:1 | Identified the +1 robe of Rauralid {rC+ Int+5}
 25712 | Depths:1 | Found the +0 mask of the Dragon {MR+ Slay+3 SInv}
 25715 | Depths:1 | Found a radiant altar of Vehumet.
 25726 | Depths:1 | Got a fine hat
 25887 | Depths:1 | Found a gateway to Hell.
 26007 | Depths:2 | Reached skill level 12 in Stealth
 26226 | Depths:2 | Reached skill level 9 in Charms
 26234 | Depths:2 | Reached skill level 9 in Necromancy
 26342 | Depths:2 | You fall through a shaft for 2 floors!
 26385 | Depths:4 | Noticed a juggernaut
 26396 | Depths:4 | Killed a juggernaut
 26407 | Depths:4 | Reached XP level 24. HP: 165/234 MP: 12/37
 26446 | Depths:4 | Noticed a juggernaut
 26454 | Depths:4 | Killed a juggernaut
 26610 | Depths:4 | Found a one-way gate leading to the halls of Pandemonium.
 26662 | Depths:3 | Found a one-way gate to the infinite horrors of the Abyss.
 26680 | Depths:3 | Reached skill level 18 in Dodging
 26699 | Depths:3 | Found an ancient bone altar of Kikubaaqudgha.
 26699 | Depths:3 | Noticed an ancient lich
 26706 | Depths:3 | Killed an ancient lich
 26866 | Depths:3 | Reached skill level 18 in Fighting
 26909 | Depths:3 | Reached skill level 24 in Unarmed Combat
 27439 | Depths:2 | Found a runed door.
 27840 | Depths:3 | Identified the +1 hat "Qasaestraw" {rPois} (You found it on
                  | level 1 of the Depths)
 27892 | Depths:3 | Reached XP level 25. HP: 244/244 MP: 37/37
 28131 | Depths:4 | Found Pibuesk's Book Shoppe.
 28204 | Depths:5 | Entered Level 5 of the Depths
 28335 | Depths:5 | Found a portal to a secret trove of treasure.
 28597 | Depths:5 | Found a gateway to a ziggurat.
 28692 | Depths:5 | Found a gate to the Realm of Zot.
 28857 | Depths:5 | Learned a level 6 spell: Invisibility
 28860 | Zot:1    | Entered Level 1 of the Realm of Zot
 29569 | Zot:2    | Found a basalt altar of Yredelemnul.
 29665 | Zot:2    | Gained mutation: Your spells are a little easier to cast,
                  | but a little less powerful. [mutagenic glow]
 29719 | Zot:2    | Reached skill level 15 in Stealth
 30302 | Hell     | Entered the Vestibule of Hell
 30302 | Hell     | Noticed Geryon
 30352 | Hell     | Killed Geryon
 30406 | Hell     | Found a gateway to the decaying netherworld of Tartarus.
 30419 | Hell     | Learned a level 5 spell: Silence
 30424 | Tar:1    | Entered Level 1 of Tartarus
 30577 | Tar:2    | Paralysed by an eldritch tentacle for 7 turns
 30610 | Tar:2    | Reached XP level 26. HP: 253/253 MP: 38/38
 30751 | Tar:3    | Reached skill level 12 in Spellcasting
 31094 | Tar:3    | Reached skill level 18 in Stealth
 31235 | Tar:4    | Gained mutation: Your spells are easier to cast, but less
                  | powerful. [mutagenic glow]
 31613 | Tar:7    | Entered Level 7 of Tartarus
 31771 | Tar:7    | Found the +10 dark maul {crush}
 31771 | Tar:7    | Found the ring of Phasing {EV+8}
 31774 | Tar:7    | Got a vibrating marble ring
 31780 | Tar:7    | Identified the ring of Yrothoast {rC+ MR+} (You found it on
                  | level 7 of Tartarus)
 31789 | Tar:7    | Got a transparent zirconium amulet
 31790 | Tar:7    | Identified the amulet of Qeged {Faith rElec Int-5 Dex+2}
                  | (You found it on level 7 of Tartarus)
 31792 | Tar:7    | Got a twitching ruby amulet
 31872 | Tar:7    | Reached XP level 27. HP: 264/264 MP: 41/41
 32012 | Tar:7    | Gained mutation: Your flesh is heat resistant. (rF+)
                  | [mutagenic glow]
 32054 | Tar:7    | Gained mutation: Your body sometimes deteriorates upon
                  | taking damage. [mutagenic glow]
 32085 | Tar:7    | Identified the +10 long sword "Afaakece" {freeze, rN+
                  | Int+4}
 32239 | Tar:7    | Noticed Ereshkigal
 32425 | Tar:7    | Gained mutation: Your body often deteriorates upon taking
                  | damage. [mutagenic glow]
 32432 | Tar:7    | Gained mutation: You are dopey. (Int -2) [mutagenic glow]
 32447 | Tar:7    | Gained mutation: Your magical capacity is low. (-10% MP)
                  | [mutagenic glow]
 32495 | Tar:7    | Reached skill level 12 in Earth Magic
 32509 | Tar:7    | Gained mutation: You are very clumsy. (Dex -4) [mutagenic
                  | glow]
 32535 | Tar:7    | Lost mutation: You are very clumsy. (Dex -4) [mutagenic
                  | glow]
 32607 | Tar:7    | Killed Ereshkigal
 32607 | Tar:7    | Reached skill level 12 in Necromancy
 32636 | Tar:7    | Got a bone rune of Zot
 32931 | Depths:1 | Identified the amulet "Icir" {Reflect rC+ Dex+6 SH+5} (You
                  | found it on level 7 of Tartarus)
 33028 | Pan      | Entered Pandemonium
 33171 | Pan      | Noticed Teliwa the pandemonium lord
 33179 | Pan      | Killed Teliwa the pandemonium lord
 33210 | Pan      | Reached skill level 15 in Earth Magic
 33216 | Pan      | Got a demonic rune of Zot
 33237 | Pan      | Noticed Mennas
 33255 | Pan      | Killed Mennas
 33283 | Pan      | Gained mutation: You are weak. (Str -2) [a cacodemon]
 33349 | Pan      | Entered the realm of Gloorx Vloq.
 33428 | Pan      | Found an exit through the horrors of the Abyss.
 33456 | Pan      | Got an ancient helmet
 33557 | Pan      | Learned a level 9 spell: Shatter
 33621 | Pan      | Noticed Gloorx Vloq
 33629 | Pan      | Killed Gloorx Vloq
 33687 | Pan      | Got a dark rune of Zot
 33796 | Pan      | Reached skill level 15 in Spellcasting
 34045 | Pan      | Entered the realm of Lom Lobon.
 34197 | Pan      | Noticed Lom Lobon
 34262 | Pan      | Killed Lom Lobon
 34309 | Pan      | Got a magical rune of Zot
 34435 | Pan      | Reached skill level 18 in Earth Magic
 34455 | Pan      | Entered the realm of Mnoleg.
 34538 | Pan      | Lost mutation: You are very robust. (+20% HP) [a neqoxec]
 34546 | Pan      | Gained mutation: You tend to lose your temper in combat. [a
                  | cacodemon]
 34546 | Pan      | Paralysed by a floating eye for 2 turns
 34562 | Pan      | Lost mutation: Your flesh is heat resistant. (rF+) [potion
                  | of mutation]
 34562 | Pan      | Lost mutation: You are weak. (Str -2) [potion of mutation]
 34562 | Pan      | Lost mutation: Your magical capacity is low. (-10% MP)
                  | [potion of mutation]
 34562 | Pan      | Lost mutation: You are clumsy. (Dex -2) [potion of
                  | mutation]
 34562 | Pan      | Lost mutation: You are dopey. (Int -2) [potion of mutation]
 34562 | Pan      | Gained mutation: You are dopey. (Int -2) [potion of
                  | mutation]
 34562 | Pan      | Gained mutation: Your muscles are strong. (Str +2) [potion
                  | of mutation]
 34562 | Pan      | Gained mutation: You are somewhat resistant to further
                  | mutation. [potion of mutation]
 34608 | Pan      | Noticed Mnoleg
 34624 | Pan      | Killed Mnoleg
 34685 | Pan      | Got a glowing rune of Zot
 34774 | Pan      | Identified Xipikhlo's Collected Works on Creative Boosts
 34830 | Pan      | Noticed Tasoochu the pandemonium lord
 34844 | Pan      | Killed Tasoochu the pandemonium lord
 34883 | Pan      | Learned a level 1 spell: Summon Butterflies
 34889 | Pan      | Learned a level 5 spell: Lee's Rapid Deconstruction
 35167 | Pan      | Found an exit through the horrors of the Abyss.
 35177 | Pan      | Reached skill level 6 in Shields
 35372 | Pan      | Identified the +1 helmet of the Spider Nest {*Drain rElec
                  | rCorr Slay+5} (You found it in Pandemonium)
 35625 | Pan      | Noticed Wayveriu the pandemonium lord
 35643 | Pan      | Killed Wayveriu the pandemonium lord
 35699 | Pan      | Entered the realm of Cerebov.
 35803 | Pan      | Reached skill level 9 in Shields
 35887 | Pan      | Identified the +6 sword of Cerebov {flame}
 35887 | Pan      | Noticed Cerebov
 35904 | Pan      | Killed Cerebov
 35953 | Pan      | Identified Olith's Handbook of Paper
 35954 | Pan      | Identified the Volume of Confrontation
 36018 | Pan      | Got a fiery rune of Zot
 36091 | Pan      | Found an exit through the horrors of the Abyss.
 36099 | Pan      | Took an exit into the Abyss.
 36099 | Abyss:1  | Escaped into the Abyss
 36317 | Abyss:2  | Got a shimmering bone amulet
 36319 | Abyss:2  | Identified the amulet "Cegy" {Faith rF+ Str+8} (You
                  | acquired it on level 2 of the Abyss)
 36614 | Abyss:3  | Found an opulent altar of Gozag.
 36739 | Abyss:3  | Reached skill level 12 in Shields
 36975 | Abyss:3  | Got an abyssal rune of Zot
 37247 | Abyss:4  | Reached skill level 21 in Fighting
 37267 | Abyss:4  | Found a corrupted altar of Lugonu.
 37376 | Depths:2 | Escaped the Abyss
 37530 | Depths:5 | Lost mutation: You are somewhat resistant to further
                  | mutation. [potion of mutation]
 37530 | Depths:5 | Lost mutation: Your body often deteriorates upon taking
                  | damage. [potion of mutation]
 37530 | Depths:5 | Gained mutation: You have a pair of small horns on your
                  | head. [potion of mutation]
 37530 | Depths:5 | Gained mutation: You are partially covered in rugged brown
                  | scales. (AC +1, +3% HP) [potion of mutation]
 37531 | Depths:5 | Lost mutation: You have a pair of small horns on your head.
                  | [potion of mutation]
 37531 | Depths:5 | Lost mutation: Your body sometimes deteriorates upon taking
                  | damage. [potion of mutation]
 37531 | Depths:5 | Lost mutation: You are dopey. (Int -2) [potion of mutation]
 37531 | Depths:5 | Lost mutation: You tend to lose your temper in combat.
                  | [potion of mutation]
 37531 | Depths:5 | Gained mutation: You are partially covered in large bone
                  | plates. (SH +4) [potion of mutation]
 37531 | Depths:5 | Lost mutation: Your spells are easier to cast, but less
                  | powerful. [potion of mutation]
 37531 | Depths:5 | Gained mutation: You are mostly covered in large bone
                  | plates. (SH +6) [potion of mutation]
 37543 | Zig:1    | Entered Level 1 of a ziggurat
 37563 | Zig:2    | Entered Level 2 of a ziggurat
 37591 | Zig:3    | Entered Level 3 of a ziggurat
 37591 | Zig:3    | Noticed a juggernaut
 37597 | Zig:3    | Killed a juggernaut
 37616 | Zig:4    | Entered Level 4 of a ziggurat
 37676 | Zig:5    | Entered Level 5 of a ziggurat
 37715 | Zig:6    | Entered Level 6 of a ziggurat
 37754 | Zig:7    | Entered Level 7 of a ziggurat
 37762 | Zig:7    | Noticed a juggernaut
 37774 | Zig:7    | Killed a juggernaut
 37791 | Zig:7    | Identified the amulet of Sypuej {Spirit +Inv} (You found it
                  | on level 7 of a ziggurat)
 37802 | Zig:8    | Entered Level 8 of a ziggurat
 37842 | Zig:8    | Found the +9 staff of Olgreb {rPois}
 37860 | Zig:9    | Entered Level 9 of a ziggurat
 37925 | Zig:10   | Entered Level 10 of a ziggurat
 37936 | Zig:10   | Noticed Lidghoxy the pandemonium lord
 37938 | Zig:10   | Found the +4 skin of Zhor {rC+++}
 37948 | Zig:10   | Reached skill level 15 in Shields
 37953 | Zig:10   | Killed Lidghoxy the pandemonium lord
 37980 | Zig:11   | Entered Level 11 of a ziggurat
 37991 | Zig:11   | Noticed an ancient lich
 37996 | Zig:11   | Killed an ancient lich
 38027 | Zig:11   | Reached skill level 21 in Earth Magic
 38031 | Zig:12   | Entered Level 12 of a ziggurat
 38170 | Zig:13   | Entered Level 13 of a ziggurat
 38183 | Zig:13   | Noticed an ancient lich
 38194 | Zig:13   | Killed an ancient lich
 38236 | Zig:13   | Identified the amulet of Attitude {Reflect *Contam rElec
                  | SH+3 SInv} (You found it on level 13 of a ziggurat)
 38243 | Zig:13   | Identified An Introduction to Spellweaving
 38258 | Zig:14   | Entered Level 14 of a ziggurat
 38263 | Zig:14   | Noticed an ancient lich
 38277 | Zig:14   | Killed an ancient lich
 38281 | Zig:14   | Noticed an ancient lich
 38291 | Zig:14   | Killed an ancient lich
 38459 | Zig:14   | Identified the Guide on Contamination and the Oath
 38472 | Zig:15   | Entered Level 15 of a ziggurat
 38558 | Zig:15   | Got a smoking turquoise ring
 38561 | Zig:15   | Got a twitching marble ring
 38566 | Zig:15   | Identified the Almanac of Malediction
 38571 | Zig:15   | Identified the ring "Voirel" {rC+ MR+ EV+3 Dex+4} (You
                  | found it on level 15 of a ziggurat)
 38573 | Zig:15   | Identified the ring of the Endless Lies {EV+4 Str+2 SInv}
                  | (You found it on level 15 of a ziggurat)
 38578 | Zig:16   | Entered Level 16 of a ziggurat
 38591 | Zig:16   | Reached skill level 18 in Shields
 38668 | Zig:17   | Entered Level 17 of a ziggurat
 38689 | Zig:17   | Noticed an ancient lich
 38689 | Zig:17   | Noticed an ancient lich
 38700 | Zig:17   | Killed an ancient lich
 38702 | Zig:17   | Killed an ancient lich
 38706 | Zig:17   | Reached skill level 24 in Earth Magic
 38740 | Zig:17   | Got a pitted helmet
 38751 | Zig:17   | Identified the +5 helmet of Ennui {rN+ MR- Regen+ Stlth+}
                  | (You found it on level 17 of a ziggurat)
 38770 | Zig:18   | Entered Level 18 of a ziggurat
 38856 | Zig:18   | Found the +3 hat of Pondering {ponderous, MR+ MP+10 Int+5}
 38856 | Zig:18   | Found the amulet of the Air {Inacc +Fly rElec EV+5 RMsl}
 38886 | Zig:18   | Reached skill level 21 in Dodging
 38915 | Zig:19   | Entered Level 19 of a ziggurat
 38946 | Zig:19   | Found the ring of Shadows {Umbra +Inv Stlth+}
 38978 | Zig:19   | Got a flickering silver ring
 38979 | Zig:19   | Identified the ring of Nyub {*Tele MR+ Int-4 SInv Stlth+}
                  | (You found it on level 19 of a ziggurat)
 38986 | Zig:19   | Identified the ring of Maump {Ice +Inv Int+3 Slay+2} (You
                  | found it on level 19 of a ziggurat)
 38990 | Zig:20   | Entered Level 20 of a ziggurat
 39067 | Zig:20   | Identified the Almanac of the Fisher
 39071 | Zig:21   | Entered Level 21 of a ziggurat
 39107 | Zig:21   | Paralysed by accursed screaming for 2 turns
 39111 | Zig:21   | Gained mutation: You are dopey. (Int -2) [a neqoxec]
 39127 | Zig:21   | Paralysed by accursed screaming for 2 turns
 39134 | Zig:21   | HP: 14/344 [smoke demon/divine providence (13)]
 39206 | Zig:21   | Identified the Compendium of Orientation and the Rocks
 39213 | Zig:21   | Identified the +2 pair of boots "Ronam" {Int+2} (You found
                  | it on level 21 of a ziggurat)
 39262 | Zig:22   | Entered Level 22 of a ziggurat
 39330 | Zig:22   | Found the +2 ratskin cloak {+Rats rPois rN+ Str-1 Int-1
                  | Dex+1}
 39341 | Zig:22   | Identified the Disquisition on Dislocated Flames
 39350 | Zig:22   | Identified the Disquisition on Poisoning and the Birds
 39380 | Zig:23   | Entered Level 23 of a ziggurat
 39397 | Zig:23   | Reached skill level 27 in Earth Magic
 39480 | Zig:24   | Entered Level 24 of a ziggurat
 39535 | Zig:24   | Reached skill level 27 in Unarmed Combat
 39557 | Zig:24   | Reached skill level 24 in Fighting
 39591 | Zig:24   | Found the +5 pair of quick blades "Gyre" and "Gimble"
                  | {pierce, Dex-3}
 39610 | Zig:24   | Identified the ring "Yroaw" {MR+ Dex+3} (You found it on
                  | level 24 of a ziggurat)
 39622 | Zig:24   | Identified the ring "Omeruf" {rElec MP+9} (You found it on
                  | level 24 of a ziggurat)
 39625 | Zig:25   | Entered Level 25 of a ziggurat
 39756 | Zig:25   | Identified the Grimoire of Earth and Venom
 39758 | Zig:25   | Identified Sif Muna's Disquisition on Changing
 39763 | Zig:25   | Identified the Catalogue of Evil Calling
 39767 | Zig:25   | Identified the amulet of Rutes {Inacc rElec Str+4} (You
                  | found it on level 25 of a ziggurat)
 39772 | Zig:26   | Entered Level 26 of a ziggurat
 39810 | Zig:26   | Reached skill level 15 in Invocations
 39830 | Zig:26   | Found the +10 morningstar "Eos" {elec, Halo rElec}
 39888 | Zig:26   | Identified Usye's Handbook of Dark Rites
 39893 | Zig:26   | Identified Letu Haamyck's Collected Works on Ashen
                  | Poisoning
 39898 | Zig:26   | Identified the Catalogue of Entrancing Stolen Souls
 39903 | Zig:27   | Entered Level 27 of a ziggurat
 40075 | Zig:27   | Identified the amulet of Xearim {RegenMP rC+ Slay+3} (You
                  | found it on level 27 of a ziggurat)
 40080 | Zig:27   | Identified the Compendium of the Ashen Traveller
 40088 | Zig:27   | Identified the ring "Aceik" {rF+ rN+ MP+9 Dex+4 SInv} (You
                  | found it on level 27 of a ziggurat)
 40092 | Zig:27   | Identified the Volume of Destructive Ignition
 40165 | Hell     | Found a gateway to the freezing wastes of Cocytus.
 40185 | Coc:1    | Entered Level 1 of Cocytus
 40419 | Coc:2    | Reached skill level 24 in Dodging
 40602 | Coc:2    | Reached skill level 21 in Stealth
 40823 | Coc:7    | Entered Level 7 of Cocytus
 40914 | Coc:7    | Noticed the Serpent of Hell
 40987 | Coc:7    | Killed the Serpent of Hell
 41085 | Coc:7    | Found the +8 Wrath of Trog {antimagic, *Rage}
 41284 | Coc:7    | Gained mutation: You are very dopey. (Int -4) [mutagenic
                  | glow]
 41306 | Coc:7    | Noticed Antaeus
 41408 | Coc:7    | Killed Antaeus
 41422 | Coc:7    | Got an icy rune of Zot
 41479 | Hell     | Found a gateway to the Iron City of Dis.
 41504 | Dis:1    | Entered Level 1 of the Iron City of Dis
 41707 | Dis:1    | Reached skill level 6 in Translocations
 41890 | Dis:2    | Reached skill level 27 in Fighting
 42061 | Dis:3    | Reached skill level 24 in Stealth
 42580 | Dis:7    | Entered Level 7 of the Iron City of Dis
 42658 | Dis:7    | Gained mutation: You possess an exceptional clarity of
                  | mind. [a cacodemon]
 42887 | Dis:7    | Identified the +4 staff of Dispater
 42887 | Dis:7    | Noticed Dispater
 42901 | Dis:7    | Killed Dispater
 42923 | Dis:7    | Identified Sif Muna's Grimoire of Ghastly Companions
 42926 | Dis:7    | Got an iron rune of Zot
 43100 | Hell     | Found a gateway to the ashen valley of Gehenna.
 43107 | Geh:1    | Entered Level 1 of Gehenna
 43336 | Geh:3    | Reached skill level 27 in Stealth
 43339 | Geh:3    | Reached skill level 27 in Dodging
 43662 | Geh:7    | Entered Level 7 of Gehenna
 43838 | Geh:7    | Found the +3 robe of Clouds {+Fly rElec}
 43907 | Geh:7    | Identified the +7 sceptre of Asmodeus
 43907 | Geh:7    | Noticed Asmodeus
 43933 | Geh:7    | Killed Asmodeus
 43963 | Geh:7    | Identified the ring "Gegez" {rPois MP+9 Int-4 Dex+2} (You
                  | found it on level 7 of Gehenna)
 43977 | Geh:7    | Identified the +2 cloak "Ruasaush" {rPois rF+ rN+ Int+4}
                  | (You found it on level 7 of Gehenna)
 43996 | Geh:7    | Identified the cursed ring of Datuimix {rPois Str-2 Int+6
                  | SInv} (You found it on level 7 of Gehenna)
 43999 | Geh:7    | Identified Houbaus's Disquisition on Glacial Conjuration
 44006 | Geh:7    | Got an obsidian rune of Zot
 44341 | Vaults:5 | Entered Level 5 of the Vaults
 44341 | Vaults:5 | Noticed an ancient lich
 44370 | Vaults:5 | Killed an ancient lich
 44370 | Vaults:5 | Reached skill level 15 in Necromancy
 44431 | Vaults:5 | Reached skill level 18 in Spellcasting
 44454 | Vaults:5 | Noticed Jory
 44468 | Vaults:5 | Reached skill level 18 in Necromancy
 44499 | Vaults:5 | Killed Jory
 44592 | Vaults:5 | Identified the Reference Book on Lightness and Toxins
 44701 | Vaults:5 | Identified the Papyrus of Excruciating Ice
 44791 | Vaults:5 | Got a silver rune of Zot
 45024 | Tomb:1   | Entered Level 1 of the Tomb of the Ancients
 45204 | Tomb:1   | Noticed a greater mummy
 45214 | Tomb:1   | Reached skill level 1 in Summonings
 45221 | Tomb:1   | Killed a greater mummy
 45221 | Tomb:1   | Reached skill level 3 in Summonings
 45221 | Tomb:1   | Noticed a greater mummy
 45232 | Tomb:1   | Killed a greater mummy
 45261 | Tomb:1   | Learned a level 5 spell: Aura of Abjuration
 45425 | Tomb:1   | Reached skill level 6 in Summonings
 45466 | Tomb:2   | Noticed a greater mummy
 45471 | Tomb:2   | Noticed a greater mummy
 45481 | Tomb:2   | Killed a greater mummy
 45502 | Tomb:2   | Killed a greater mummy
 45509 | Tomb:2   | Noticed a greater mummy
 45520 | Tomb:2   | Killed a greater mummy
 45525 | Tomb:2   | Reached skill level 9 in Summonings
 45550 | Tomb:2   | Noticed a greater mummy
 45558 | Tomb:2   | Killed a greater mummy
 45669 | Tomb:1   | Noticed a greater mummy
 45686 | Tomb:1   | Killed a greater mummy
 45694 | Tomb:1   | Noticed a greater mummy
 45698 | Tomb:1   | Killed a greater mummy
 45699 | Tomb:1   | Noticed a greater mummy
 45702 | Tomb:1   | Noticed a greater mummy
 45704 | Tomb:1   | Killed a greater mummy
 45708 | Tomb:1   | Killed a greater mummy
 45738 | Tomb:1   | Noticed a greater mummy
 45748 | Tomb:1   | Killed a greater mummy
 45751 | Tomb:1   | Noticed a greater mummy
 45763 | Tomb:1   | Killed a greater mummy
 45820 | Tomb:1   | Noticed a greater mummy
 45826 | Tomb:1   | Killed a greater mummy
 45837 | Tomb:1   | Noticed a greater mummy
 45844 | Tomb:1   | Killed a greater mummy
 45860 | Tomb:1   | Noticed a greater mummy
 45874 | Tomb:1   | Killed a greater mummy
 45900 | Tomb:1   | Noticed a greater mummy
 45911 | Tomb:1   | Killed a greater mummy
 45964 | Tomb:1   | Noticed a greater mummy
 45966 | Tomb:1   | Noticed a greater mummy
 45974 | Tomb:1   | Killed a greater mummy
 45975 | Tomb:1   | Noticed a greater mummy
 45978 | Tomb:1   | Killed a greater mummy
 45985 | Tomb:1   | Killed a greater mummy
 46115 | Tomb:2   | Learned a level 8 spell: Infestation
 46133 | Tomb:3   | Entered Level 3 of the Tomb of the Ancients
 46156 | Tomb:3   | Reached skill level 21 in Shields
 46189 | Tomb:3   | Noticed a greater mummy
 46189 | Tomb:3   | Noticed a greater mummy
 46189 | Tomb:3   | Noticed a greater mummy
 46195 | Tomb:3   | Noticed a greater mummy
 46198 | Tomb:3   | Noticed a greater mummy
 46202 | Tomb:3   | Killed a greater mummy
 46205 | Tomb:3   | Killed a greater mummy
 46209 | Tomb:3   | Killed a greater mummy
 46215 | Tomb:3   | Killed a greater mummy
 46220 | Tomb:3   | Noticed a greater mummy
 46228 | Tomb:3   | Killed a greater mummy
 46230 | Tomb:3   | Killed a greater mummy
 46237 | Tomb:3   | Noticed a greater mummy
 46243 | Tomb:3   | Killed a greater mummy
 46320 | Tomb:3   | Noticed a greater mummy
 46323 | Tomb:3   | Noticed a greater mummy
 46327 | Tomb:3   | Killed a greater mummy
 46330 | Tomb:3   | Killed a greater mummy
 46392 | Tomb:3   | Found the +8 mithril axe "Arga" {speed, MR+}
 46392 | Tomb:3   | Found the +8 longbow "Zephyr" {speed, Dex+3 SInv}
 46397 | Tomb:3   | Got a transparent platinum ring
 46398 | Tomb:3   | Identified the ring of the King {rPois Str+3 SInv} (You
                  | found it on level 3 of the Tomb of the Ancients)
 46400 | Tomb:3   | Identified the ring "Qayh" {Fire rElec Int+4 Dex+2} (You
                  | found it on level 3 of the Tomb of the Ancients)
 46475 | Tomb:3   | Got a golden rune of Zot
 47061 | Zot:5    | Entered Level 5 of the Realm of Zot
 47217 | Zot:5    | Noticed an ancient lich
 47226 | Zot:5    | Killed an ancient lich
 47228 | Zot:5    | Noticed an orb of fire
 47231 | Zot:5    | Noticed an ancient lich
 47232 | Zot:5    | Noticed an orb of fire
 47234 | Zot:5    | Gained mutation: Your body sometimes deteriorates upon
                  | taking damage. [an orb of fire]
 47236 | Zot:5    | Killed an orb of fire
 47240 | Zot:5    | Killed an ancient lich
 47243 | Zot:5    | Killed an orb of fire
 47244 | Zot:5    | Noticed an ancient lich
 47246 | Zot:5    | Noticed an ancient lich
 47248 | Zot:5    | Killed an ancient lich
 47251 | Zot:5    | Killed an ancient lich
 47265 | Zot:5    | Reached skill level 24 in Shields
 47322 | Zot:5    | Got the Orb of Zot
 47368 | Zot:5    | Noticed an ancient lich
 47376 | Zot:5    | Killed an ancient lich
 47409 | Zot:5    | Noticed an ancient lich
 47859 | D:6      | Noticed Ywea the pandemonium lord
 47912 | D:3      | Noticed Kim Gacs the pandemonium lord
 47921 | D:3      | Killed Kim Gacs the pandemonium lord
 48020 | D:$      | Escaped with the Orb!

Vault maps used:
D:1:      dpeg_arrival_simpleton_a
D:2:      chequers_ecumenical_altar_grove
D:3:      hangedman_decor_push, lemuel_old_faithful, uniq_natasha
D:4:      uniq_blork_the_orc, uniq_pikel, uniq_sigmund
D:5:      lightli_temple_of_fire, kennysheep_mini_moat, first_ration,
          nicolae_ossuary_entry_catacombs, serial_shops, shop_fountains,
          uniq_menkaure, uniq_prince_ribbit1, uniq_edmund
D:6:      lemuel_temple_firewalk_a, serial_bayou_lagoon_b
D:7:      basic_altar
D:8:      minmay_cut_squares
D:9:      serial_shops, shop, uniq_grum
D:10:     grunt_tengu_nest
D:11:     grunt_lair_entry_orc_guard_hut, lab_entry_generic
D:12:     david_orc_2, uniq_erolcha
D:13:     gammafunk_ghost_mausoleum, uniq_rupert
D:14:     mludivico_vault, grunt_vaults_entry_fortified, kennysheep_cross_room,
          kennysheep_small_spiral
D:15:     grunt_enter_depths_snipers, nicolae_ru_awakened_eye,
          nrook_mini_backslash, hangedman_abyss_or_decor_passed
Temple:   regret_index_temple_chain_breaker
Lair:1:   wad_woods_river_01, uniq_gastronok
Lair:2:   beast_lair_carwin_1
Lair:3:   minmay_shoals_entry_hut, beast_lair_carwin_11, uniq_nergalle
Lair:4:   dummy_spider_entry, chequers_serial_rivers_marsh,
          serial_bayou_lagoon_a
Lair:5:   slime_dummy, basic_altar, serial_bayou_shore_a, grunt_megastairs_4
Lair:6:   gammafunk_lair_ancient_temple, portal_ice_cave_entry_pillars_2
Shoals:2: gammafunk_ghost_arena, nicolae_shoals_stone_sculpture_thing,
          nicolae_shoals_mertower
Shoals:3: uniq_polyphemus
Shoals:4: shoals_end_grunt_garden, shoals_ilsuiw_ice, nicolae_shoals_wave_tunnel
Spider:1: uniq_agnes, uniq_jorgrun, uniq_louise, uniq_josephine, uniq_nikola
Spider:2: nicolae_spider_circle_web
Spider:4: spider_rune_water, nicolae_arachne_temple
Slime:2:  cheibrodos_slime_lost_civilization_1
Orc:1:    serial_shops, shop, mines1_david
Orc:2:    grunt_orc_tribal_feast, basic_altar, uniq_donald, uniq_urug
Elf:1:    eino_elf_arrival_shootout, minmay_elf_crystal_heptagon
Elf:2:    serial_shops, nicolae_shop_behind_doors
Elf:3:    minmay_elf_hall_not_hex, serial_shops, shop_fountains,
          ebering_ghost_rock_garden, dk_noncrumbling_4,
          nicolae_elf_glass_and_crystal_pillar_1, sword_in_stone,
          uniq_saint_roka
Vaults:1: ontoclasm_vaults_pinch, ontoclasm_vaults_decontamination,
          hangedman_vaults_stream, vaults_room_door_hall, v_misc_33, v_misc_13,
          nicolae_vaults_mini_display_case, serial_shops,
          nicolae_shop_competitors_out_of_business, shop, nicolae_shop_trees
Vaults:2: ebering_vaults_ghost_xom, hangedman_vaults_corner,
          minmay_crypt_entry_simple_round, v_misc_10, v_misc_9,
          st_quartered_hall, v_misc_11, vaults_room_door_hall, v_misc_5,
          nicolae_vaults_little_squares_5, serial_shops, shop, uniq_boris
Vaults:3: hangedman_vaults_corner_blocks, vaults_room_ringed_pool, v_misc_29,
          nicolae_vaults_little_squares_4, dpeg_vaults_monster_row,
          nicolae_vaults_windows_and_doors_thing, dpeg_vaults_waves,
          nicolae_vaults_three_branches, v_misc_12, vaults_room_fours
Vaults:4: v_misc_29, grunt_vaults_diagonal, serial_ice_g,
          vaults_dpeg_encased_lava, nicolae_vaults_hallways_thing,
          nicolae_vaults_network_star, ontoclasm_vaults_ring_square,
          ontoclasm_vaults_gallery, ontoclasm_vaults_shuriken,
          nicolae_vaults_shelves_hall, v_misc_5, vaults_room_door_hall,
          nicolae_vaults_little_squares_2
Vaults:5: uniq_jory
Crypt:1:  grunt_megastairs_5
Crypt:2:  uniq_frederick, uniq_sojobo
Crypt:3:  grunt_crypt_end_deaths_head
Depths:1: hell_entry, minmay_misc_feat_rows, grunt_tower_of_power,
          kennysheep_random_hallway
Depths:2: minmay_the_grid_triangle_9x9_recursive_3, grunt_pan_entry_in_and_out,
          hell_entry
Depths:3: evilmike_negative_zone, hell_entry, pan_entry, hangedman_glass_teeth,
          abyss_entry, lemuel_flamethrower_2, serial_bayou_shore_b,
          infiniplex_staircase_spiral
Depths:4: grunt_crosshair, abyss_entry_flame_altar, serial_shops,
          nicolae_shop_behind_doors, pan_entry, moated_statue,
          hangedman_geh_valley
Depths:5: grunt_zot_entry_funnels, enter_ziggurat_c, pf_coc_iceberg,
          trove_entry_hex_spiral, hangedman_decor_points,
          corexii_leaking_fountain
Dis:2:    hangedman_dis_decor_tower
Dis:3:    grunt_dis_stairs_iron_hall
Dis:6:    hangedman_dis_decor_blocks_crown
Dis:7:    dis_st
Geh:4:    nicolae_geh_fiery_graves, grunt_megastairs_2
Geh:7:    geh_mu
Coc:7:    coc_dpeg
Tar:1:    nicolae_tar_cuneiform_not
Tar:2:    hangedman_damned_closets, hangedman_mysterious_dungeon_monster_house
Tar:3:    nicolae_tar_cuneiform_three, nicolae_tar_cuneiform_two,
          nicolae_tar_cuneiform_bird
Tar:4:    nicolae_tar_cuneiform_bread
Tar:7:    tar_old
Zot:1:    grunt_ministairs_14
Zot:2:    lemuel_firehouse, basic_altar, bh_zot_ikea_curve,
          st_single_dragon_hoard_1, lemuel_lake_of_fire
Zot:3:    gammafunk_mikee_crab_dinner, basic_stair_grate_trap
Zot:4:    chequers_guarded_unrand_mask_of_the_dragon
Zot:5:    stair_cage_line, nicolae_zot_crop_circle
Abyss:3:  hangedman_classic_abyss_death, evilmike_abyss_exit_chaos
Abyss:4:  evilmike_abyss_exit_10
Pan:      evilmike_mini_pan_diamond, uniq_mennas_pan, pan_blood_fountain_2,
          gloorx_vloq_st, evilmike_mini_pan_other_thingy,
          evilmike_mini_pan_murderfest, pan_blood_fountain,
          nicolae_pan_gloorx_vloqian_2, evilmike_mini_pan_pillars,
          nicolae_pan_gloorx_vloqian_1, lom_lobon_grunt, pan_blood_fountain,
          nicolae_pan_mnolegish_3, rand_demon_1, evilmike_mnoleg_eyes,
          grunt_pan_frozen_over, pan_blood_fountain_small,
          evilmike_mini_pan_possible_glass, pan_blood_fountain_small,
          grunt_pan_spiral, pan_blood_fountain, evilmike_mini_pan_corridor,
          evilmike_mini_pan_doors_b, pan_blood_fountain, grunt_pan_in_and_out,
          pan_blood_fountain_small, nicolae_pan_cerebovesque_1,
          evilmike_mini_pan_V, nicolae_pan_lom_lobonic_3, cerebov_grunt
Zig:11:   ziggurat_pillar_centre_dead_trees
Zig:12:   ziggurat_pillar_centre_oklobs
Zig:14:   ziggurat_pillar_centre_c
Zig:26:   ziggurat_pillar_centre_smoke
Ossuary:  ossuary_tomb_1
IceCv:    ice_cave_small_dragons

Skill      XL: |  1  2  3  4  5  6  7  8  9 10 11 12 13 14 15 16 17 18 19 20 21 22 23 24 25 26 27 |
---------------+----------------------------------------------------------------------------------+-----
Conjurations   | 3 4 |  4.0
Spellcasting   | 3 5 6 8 9 10 11 14 20 | 20.0
Hexes          | 1 3 5 6 9 11 | 11.0
Unarmed Combat | 1 3 7 8 10 11 13 15 16 18 19 21 22 23 25 26 27 | 27.0
Fighting       | 1 2 3 4 5 6 8 9 11 12 13 14 16 17 18 27 | 27.0
Dodging        | 5 6 7 10 11 12 13 14 16 17 18 19 20 27 | 27.0
Evocations     | 3 4 |  4.0
Invocations    | 4 5 6 10 11 12 16 | 16.0
Translocations | 2 4 7 |  7.0
Transmutations | 6 8 9 10 | 10.0
Earth Magic    | 6 10 11 27 | 27.0
Necromancy     | 4 6 10 18 | 18.0
Shields        | 4 25 | 25.1
Stealth        | 9 10 13 14 16 20 27 | 27.0
Air Magic      | 1 6 |  6.1
Charms         | 6 10 | 10.0
Summonings     | 10 | 10.0
Armour         | |  0.5

Action                   |  1- 3 |  4- 6 |  7- 9 | 10-12 | 13-15 | 16-18 | 19-21 | 22-24 | 25-27 || total
-------------------------+-------+-------+-------+-------+-------+-------+-------+-------+-------++-------
Melee: Unarmed           |   120 |   196 |   258 |   589 |   684 |   720 |   922 |   894 |  5097 ||  9480
       Bite              |    10 |    15 |    28 |   114 |   137 |   135 |   206 |   175 |   950 ||  1770
       Punch             |       |       |    13 |    53 |    28 |       |       |       |       ||    94
       Headbutt          |       |       |       |       |       |       |     5 |       |       ||     5
 Fire: Blowgun           |       |       |       |     4 |     6 |       |       |       |       ||    10
Throw: Throwing net      |       |       |       |       |       |       |     1 |       |     3 ||     4
 Cast: Magic Dart        |    85 |    70 |    54 |    55 |     5 |       |       |       |       ||   269
       Dazzling Spray    |       |    63 |   185 |   174 |     3 |       |       |       |       ||   425
       Fulminant Prism   |       |       |     7 |     7 |       |       |       |       |       ||    14
       Confusing Touch   |       |       |       |     5 |       |     1 |       |     1 |       ||     7
       Blink             |       |       |       |     1 |       |     2 |    15 |    10 |    49 ||    77
       Confuse           |       |       |       |     8 |       |       |       |       |       ||     8
       Statue Form       |       |       |       |     4 |    65 |    68 |    69 |    48 |   310 ||   564
       Borgnjor's Vile C |       |       |       |       |    44 |    77 |    38 |    69 |   328 ||   556
       Apportation       |       |       |       |       |    17 |    27 |    24 |    64 |    86 ||   218
       Lesser Beckoning  |       |       |       |       |       |    13 |    13 |    14 |   235 ||   275
       Summon Lightning  |       |       |       |       |       |       |     2 |       |    24 ||    26
       Deflect Missiles  |       |       |       |       |       |       |     2 |     2 |     6 ||    10
       Passage of Golubr |       |       |       |       |       |       |     7 |     8 |    93 ||   108
       Regeneration      |       |       |       |       |       |       |       |     5 |   161 ||   166
       Invisibility      |       |       |       |       |       |       |       |       |     3 ||     3
       Silence           |       |       |       |       |       |       |       |       |     3 ||     3
       Shatter           |       |       |       |       |       |       |       |       |    60 ||    60
       Infestation       |       |       |       |       |       |       |       |       |    16 ||    16
       Aura of Abjuratio |       |       |       |       |       |       |       |       |    11 ||    11
       Lee's Rapid Decon |       |       |       |       |       |       |       |       |     6 ||     6
       Summon Butterflie |       |       |       |       |       |       |       |       |     2 ||     2
       Passwall          |       |       |       |       |       |       |       |       |     1 ||     1
Invok: Slouch            |       |       |       |       |     2 |    14 |    10 |     9 |    73 ||   108
       Step From Time    |       |       |       |       |       |     1 |       |       |     2 ||     3
       Temporal Distorti |       |       |       |       |       |     1 |       |       |     4 ||     5
 Abil: End Transformatio |       |       |       |       |     4 |       |       |     2 |       ||     6
Evoke: Wand              |       |       |    22 |    23 |    10 |    14 |       |     2 |    33 ||   104
       Phial of floods   |       |       |       |     1 |     1 |     1 |     1 |       |     1 ||     5
       Lamp of fire      |       |       |       |       |       |       |     3 |       |     6 ||     9
       Phantom mirror    |       |       |       |       |       |       |     1 |       |     1 ||     2
       Lightning rod     |       |       |       |       |       |       |       |       |     2 ||     2
  Use: Potion            |     2 |    10 |     4 |     1 |     9 |    25 |    24 |       |    95 ||   170
       Scroll            |       |       |    12 |    14 |     6 |    14 |     8 |     7 |    65 ||   126
 Stab: Sleeping          |     1 |     4 |     4 |     3 |     6 |    19 |     8 |     5 |    37 ||    87
       Invisible         |       |    12 |    24 |    47 |     1 |       |    15 |       |    19 ||   118
       Paralysed         |       |       |     3 |    12 |       |       |       |       |       ||    15
       Confused          |       |       |       |     8 |       |       |       |     1 |     1 ||    10
       Distracted        |       |       |       |       |     3 |       |     1 |     6 |    34 ||    44
       Held in net/web   |       |       |       |       |       |       |       |       |     7 ||     7
  Eat: Corpse            |    10 |     6 |    28 |    13 |    27 |    38 |    21 |    13 |    58 ||   214
Armor: Robe              |    28 |    21 |    21 |     1 |    11 |     4 |     3 |    12 |    22 ||   123
       Skin              |       |     1 |       |    55 |   451 |   414 |   298 |   303 |  1088 ||  2610
       Ring mail         |       |       |     6 |       |       |       |       |       |       ||     6
       Troll leather arm |       |       |       |    61 |     9 |       |       |       |       ||    70
Dodge: Dodged            |    93 |   108 |   222 |   568 |  1394 |  1168 |  1121 |  1212 |  8082 || 13968
       Deflected         |       |       |       |     2 |    16 |    59 |    34 |    25 |    54 ||   190
Block: Buckler           |       |       |       |       |   267 |   519 |   602 |   826 |  1704 ||  3918
       Reflection        |       |       |       |       |       |       |       |    54 |   232 ||   286
       Shield            |       |       |       |       |       |       |       |       |  8070 ||  8070

Table legend:
 A = Non-vault XP
 B = Vault XP
 C = Vault XP percentage of total XP
 D = Non-vault monster count
 E = Vault monster count
 F = Vault count percentage of total count
                 A         B        C        D         E       F
            +---------+---------+-------+---------+---------+-------
      Total | 2606656 | 1756519 |  40.3 |    4033 |    1527 |  27.5
            +---------+---------+-------+---------+---------+-------
        D:1 |      41 |       0 |   0.0 |      22 |       0 |   0.0
        D:2 |      42 |       0 |   0.0 |      16 |       0 |   0.0
        D:3 |     178 |      36 |  16.8 |      26 |       1 |   3.7
        D:4 |     538 |    1002 |  65.1 |      16 |       3 |  15.8
        D:5 |     324 |     363 |  52.8 |      24 |       7 |  22.6
        D:6 |     124 |     172 |  58.1 |       5 |       1 |  16.7
        D:7 |     750 |       0 |   0.0 |      17 |       0 |   0.0
        D:8 |     908 |    2127 |  70.1 |      22 |       7 |  24.1
        D:9 |    1360 |     543 |  28.5 |      22 |       4 |  15.4
       D:10 |    4562 |     293 |   6.0 |      45 |       1 |   2.2
       D:11 |    5534 |     340 |   5.8 |      46 |       3 |   6.1
       D:12 |    3471 |    1115 |  24.3 |      22 |       8 |  26.7
       D:13 |    5468 |    8742 |  61.5 |      38 |      10 |  20.8
       D:14 |    7184 |   16178 |  69.2 |      26 |      31 |  54.4
       D:15 |    5463 |    2387 |  30.4 |      19 |       3 |  13.6
     Lair:1 |    3200 |    3253 |  50.4 |      14 |       5 |  26.3
     Lair:2 |    2462 |    1528 |  38.3 |      15 |       7 |  31.8
     Lair:3 |    5479 |    1865 |  25.4 |      29 |       5 |  14.7
     Lair:4 |    7095 |       0 |   0.0 |      30 |       0 |   0.0
     Lair:5 |    7578 |       0 |   0.0 |      19 |       0 |   0.0
     Lair:6 |   18620 |    8870 |  32.3 |      56 |      22 |  28.2
   Shoals:1 |    5299 |       0 |   0.0 |      12 |       0 |   0.0
   Shoals:2 |   10420 |       0 |   0.0 |      21 |       0 |   0.0
   Shoals:3 |   10312 |    5020 |  32.7 |      21 |       4 |  16.0
   Shoals:4 |   15819 |   25473 |  61.7 |      34 |      46 |  57.5
   Spider:1 |   14026 |    5774 |  29.2 |      34 |       7 |  17.1
   Spider:2 |   10744 |    2177 |  16.8 |      26 |       1 |   3.7
   Spider:3 |    5998 |       0 |   0.0 |      20 |       0 |   0.0
   Spider:4 |    8900 |   40968 |  82.2 |      26 |      75 |  74.3
    Slime:1 |    3098 |       0 |   0.0 |       9 |       0 |   0.0
    Slime:2 |    1848 |       0 |   0.0 |       4 |       0 |   0.0
    Slime:3 |    7835 |       0 |   0.0 |      16 |       0 |   0.0
    Slime:4 |    8124 |    1836 |  18.4 |      14 |       1 |   6.7
    Slime:5 |    8407 |   30697 |  78.5 |      14 |      13 |  48.1
      Orc:1 |    2647 |       0 |   0.0 |      29 |       0 |   0.0
      Orc:2 |    1755 |   10117 |  85.2 |      18 |      31 |  63.3
      Elf:1 |    6756 |    6193 |  47.8 |      12 |       8 |  40.0
      Elf:2 |   14101 |       0 |   0.0 |      21 |       0 |   0.0
      Elf:3 |   15765 |   56554 |  78.2 |      23 |      49 |  68.1
   Vaults:1 |    3688 |    1214 |  24.8 |       7 |       2 |  22.2
   Vaults:2 |   47932 |   44002 |  47.9 |      87 |      42 |  32.6
   Vaults:3 |   14079 |   36558 |  72.2 |      26 |      36 |  58.1
   Vaults:4 |   30181 |   17012 |  36.0 |      54 |      18 |  25.0
   Vaults:5 |   40365 |  173293 |  81.1 |      55 |     105 |  65.6
    Crypt:1 |   24516 |     884 |   3.5 |      36 |       2 |   5.3
    Crypt:2 |   41520 |   15684 |  27.4 |      64 |       4 |   5.9
    Crypt:3 |       0 |   78878 | 100.0 |       0 |     118 | 100.0
     Tomb:1 |   20503 |  131098 |  86.5 |      39 |      55 |  58.5
     Tomb:2 |   19429 |   39394 |  67.0 |      41 |      30 |  42.3
     Tomb:3 |   10512 |   97648 |  90.3 |      40 |      84 |  67.7
   Depths:1 |   47869 |   14032 |  22.7 |      60 |      12 |  16.7
   Depths:2 |   40165 |   49272 |  55.1 |      47 |      50 |  51.5
   Depths:3 |   17922 |   44333 |  71.2 |      18 |      46 |  71.9
   Depths:4 |   55708 |   57734 |  50.9 |      57 |      40 |  41.2
   Depths:5 |   15863 |   24411 |  60.6 |      19 |      16 |  45.7
       Hell |   13650 |   38410 |  73.8 |      15 |      56 |  78.9
      Dis:1 |   18921 |       0 |   0.0 |      41 |       0 |   0.0
      Dis:2 |   31079 |       0 |   0.0 |      59 |       0 |   0.0
      Dis:3 |     662 |       0 |   0.0 |       1 |       0 |   0.0
      Dis:4 |   16611 |       0 |   0.0 |      42 |       0 |   0.0
      Dis:5 |   12186 |       0 |   0.0 |      27 |       0 |   0.0
      Dis:6 |    5433 |       0 |   0.0 |      13 |       0 |   0.0
      Dis:7 |   41483 |   55770 |  57.3 |      53 |      35 |  39.8
      Geh:1 |    9704 |     192 |   1.9 |      26 |       1 |   3.7
      Geh:2 |    6129 |       0 |   0.0 |      24 |       0 |   0.0
      Geh:3 |   38670 |       0 |   0.0 |      78 |       0 |   0.0
      Geh:4 |   12078 |   12131 |  50.1 |      25 |      18 |  41.9
      Geh:5 |    7850 |       0 |   0.0 |      18 |       0 |   0.0
      Geh:6 |   15575 |       0 |   0.0 |      26 |       0 |   0.0
      Geh:7 |   31405 |   47114 |  60.0 |      49 |      24 |  32.9
      Coc:1 |   15304 |       0 |   0.0 |      52 |       0 |   0.0
      Coc:2 |   71506 |       0 |   0.0 |     104 |       0 |   0.0
      Coc:3 |    3782 |       0 |   0.0 |       9 |       0 |   0.0
      Coc:4 |     566 |       0 |   0.0 |       2 |       0 |   0.0
      Coc:6 |   20929 |       0 |   0.0 |      34 |       0 |   0.0
      Coc:7 |   57780 |   78622 |  57.6 |      75 |      34 |  31.2
      Tar:1 |   13023 |       0 |   0.0 |      25 |       0 |   0.0
      Tar:2 |    9664 |       0 |   0.0 |      25 |       0 |   0.0
      Tar:3 |   66097 |       0 |   0.0 |      82 |       0 |   0.0
      Tar:4 |   24732 |       0 |   0.0 |      28 |       0 |   0.0
      Tar:5 |    3113 |       0 |   0.0 |       5 |       0 |   0.0
      Tar:6 |   34411 |       0 |   0.0 |      35 |       0 |   0.0
      Tar:7 |  105426 |   88853 |  45.7 |     149 |      73 |  32.9
      Zot:1 |   20860 |    2391 |  10.3 |      13 |       2 |  13.3
      Zot:2 |   22843 |   16975 |  42.6 |      14 |      23 |  62.2
      Zot:3 |   15025 |       0 |   0.0 |       4 |       0 |   0.0
      Zot:4 |    1998 |       0 |   0.0 |       4 |       0 |   0.0
      Zot:5 |   24786 |  126321 |  83.6 |      15 |      37 |  71.2
    Abyss:1 |    1622 |       0 |   0.0 |       4 |       0 |   0.0
    Abyss:2 |    8059 |       0 |   0.0 |      17 |       0 |   0.0
    Abyss:3 |   27847 |    9052 |  24.5 |      35 |      12 |  25.5
    Abyss:4 |   29372 |    1547 |   5.0 |      49 |       5 |   9.3
        Pan |  225239 |  211488 |  48.4 |     271 |     135 |  33.3
      Zig:1 |    1145 |       0 |   0.0 |       2 |       0 |   0.0
      Zig:2 |     736 |       0 |   0.0 |       6 |       0 |   0.0
      Zig:3 |    8057 |       0 |   0.0 |       5 |       0 |   0.0
      Zig:4 |    3692 |       0 |   0.0 |       6 |       0 |   0.0
      Zig:5 |    4433 |     442 |   9.1 |       5 |       1 |  16.7
      Zig:6 |    5107 |       0 |   0.0 |      14 |       0 |   0.0
      Zig:7 |   11098 |       0 |   0.0 |      19 |       0 |   0.0
      Zig:8 |   11678 |       0 |   0.0 |       9 |       0 |   0.0
      Zig:9 |   11448 |       0 |   0.0 |      13 |       0 |   0.0
     Zig:10 |   24017 |       0 |   0.0 |      14 |       0 |   0.0
     Zig:11 |   33777 |       0 |   0.0 |      15 |       0 |   0.0
     Zig:12 |   24792 |    2289 |   8.5 |      21 |       4 |  16.0
     Zig:13 |   30760 |       0 |   0.0 |      25 |       0 |   0.0
     Zig:14 |   49299 |       0 |   0.0 |      20 |       0 |   0.0
     Zig:15 |   23291 |       0 |   0.0 |      40 |       0 |   0.0
     Zig:16 |   23144 |       0 |   0.0 |      37 |       0 |   0.0
     Zig:17 |   59019 |       0 |   0.0 |      32 |       0 |   0.0
     Zig:18 |   30131 |       0 |   0.0 |      42 |       0 |   0.0
     Zig:19 |   46435 |      50 |   0.1 |      47 |       1 |   2.1
     Zig:20 |   32183 |       0 |   0.0 |      50 |       0 |   0.0
     Zig:21 |   46979 |       0 |   0.0 |      69 |       0 |   0.0
     Zig:22 |   43539 |       0 |   0.0 |      62 |       0 |   0.0
     Zig:23 |   49790 |       0 |   0.0 |      68 |       0 |   0.0
     Zig:24 |   76618 |       0 |   0.0 |      71 |       0 |   0.0
     Zig:25 |   47258 |       0 |   0.0 |      72 |       0 |   0.0
     Zig:26 |   58556 |       0 |   0.0 |     106 |       0 |   0.0
     Zig:27 |  121767 |       0 |   0.0 |      82 |       0 |   0.0
    Ossuary |       0 |     287 | 100.0 |       0 |      33 | 100.0
      IceCv |       0 |    5515 | 100.0 |       0 |      20 | 100.0
            +---------+---------+-------+---------+---------+-------
